 Dungeon Crawl Stone Soup version 0.25-a0-829-g4e6a552925 (webtiles) character file.

Game seed: 8406403509869302629, levelgen mode: deterministic

945501 Arvaldir the Conqueror (level 27, -23/218 HPs)
             Began as a Gargoyle Earth Elementalist on Apr 21, 2020.
             Was the Champion of Vehumet.
             Killed from afar by a tengu reaver (33 damage)
             ... with a bolt of acid
             ... on level 19 of a ziggurat.
             The game lasted 04:21:05 (76703 turns).

Arvaldir the Conqueror (GrEE)                      Turns: 76703, Time: 04:21:05

Health: -23/218    AC: 29    Str: 20    XL:     27
Magic:  61/61      EV: 22    Int: 47    God:    Vehumet [******]
Gold:   6284       SH:  0    Dex: 14    Spells: 3/77 levels left

rFire    + . .     SeeInvis +   n - +9 demon whip (elec)
rCold    + + .     Gourm    .   (no shield)
rNeg     + . .     Faith    .   S - +2 robe of Vines {NoPotionHeal Regen+7}
rPois    ∞         Spirit   .   f - +0 helmet of Moral Flaws {rC++ Regen+ Int+5}
rElec    +         Reflect  .   w - +2 cloak {+Inv}
rCorr    .         Harm     .   r - +3 pair of gloves "Qeosed" {Int+2}
MR       +++..                  k - +2 pair of boots {run}
Stlth    ++........             M - amulet of Usonuruu {*Drain +Rage Int+9 Slay+3}
HPRegen  3.66/turn              u - ring "Petig" {Wiz rElec Str+2 Dex+2}
MPRegen  0.37/turn              o - ring of Divine Compulsion {rF+ MR+ MP+9 Str+4 SInv}

@: tornado, marked, corroded, flying, very slightly contaminated, studying
Evocations, quick
A: big wings, agile 1, clever 2, negative energy resistance 1, robust 1,
screaming 1, electricity resistance, unbreathing, petrification resistance, rot
immunity, AC +20
}: 4/15 runes: decaying, slimy, silver, gossamer
a: Stop Flying, Renounce Religion, Evoke Berserk Rage, Evoke Invisibility


You were on level 19 of a ziggurat.
You worshipped Vehumet.
Vehumet was exalted by your worship.
You were not hungry.

You visited 11 branches of the dungeon, and saw 53 of its levels.
You visited the Abyss 2 times.
You visited 1 bazaar.
You visited 2 ziggurats (completing 1), and saw 46 of their levels.
You also visited: Sewer, Ice Cave and Wizlab.

You collected 11177 gold pieces.
You spent 4893 gold pieces at shops.

Inventory:

Hand Weapons
 n - a +9 demon whip of electrocution (weapon)
 C - a +9 sacred scourge of holy wrath
Missiles
 A - 81 silver javelins (quivered)
 G - 17 throwing nets
Armour
 b - a +2 helmet of intelligence
 f - the +0 helmet of Moral Flaws (worn) {rC++ Regen+ Int+5}
   (You found it on level 16 of a ziggurat)

   It affects your intelligence (+5).
   It greatly protects you from cold.
   It increases your rate of regeneration.
 k - a +2 pair of boots of running (worn)
 r - the +3 pair of gloves "Qeosed" (worn) {Int+2}
   (You bought it in a shop in a bazaar)

   It affects your intelligence (+2).
 w - a +2 cloak of invisibility (worn)
 S - the +2 robe of Vines (worn) {NoPotionHeal Regen+7}
   (You found it in an ice cave)

   It increases your rate of regeneration.
 T - a scarf of cloud immunity
Jewellery
 c - the ring of Zicuajiff {rF+ rCorr Str+5 Int+5}
   (You bought it in a shop on level 8 of the Dungeon)

   [ring of resist corrosion]

   It affects your strength (+5).
   It affects your intelligence (+5).
   It protects you from fire.
   It provides partial protection from all sources of acid and corrosion.
 o - the ring of Divine Compulsion (right hand) {rF+ MR+ MP+9 Str+4 SInv}
   (You bought it in a shop in a bazaar)

   [ring of protection from magic]

   It affects your strength (+4).
   It protects you from fire.
   It affects your resistance to hostile enchantments.
   It affects your magic capacity (+9).
   It lets you see invisible.
 u - the ring "Petig" (left hand) {Wiz rElec Str+2 Dex+2}
   (You found it on level 6 of a ziggurat)

   [ring of wizardry]

   It improves your spell success rate.
   It affects your strength (+2).
   It affects your dexterity (+2).
   It insulates you from electricity.
 z - the ring of Robustness {AC+8}
   (You found it on level 24 of a ziggurat)

   [ring of protection]

   It affects your AC (+8).
 M - the amulet of Usonuruu (around neck) {*Drain +Rage Int+9 Slay+3}
   (You took it off a vault warden on level 5 of the Vaults)

   [amulet of rage]

   It affects your intelligence (+9).
   It affects your accuracy and damage with ranged weapons and melee attacks
   (+3).
   It lets you go berserk.
   It causes draining when unequipped.
Wands
 s - a wand of acid (27)
 K - a wand of iceblast (42)
Scrolls
 i - 26 scrolls of teleportation
 m - 23 scrolls of fog
 q - 42 scrolls of remove curse
 t - 4 scrolls of identify
 x - 3 scrolls of summoning
 y - 10 scrolls of magic mapping
 E - 7 scrolls of blinking
 F - 17 scrolls of amnesia
 O - 2 scrolls of holy word
Potions
 a - 22 potions of heal wounds
 e - 2 potions of cancellation
 g - 20 potions of curing
 h - a potion of magic
 j - 5 potions of might
 l - 9 potions of ambrosia
 p - 10 potions of stabbing
 v - 26 potions of mutation
 D - a potion of resistance
 Q - 3 potions of berserk rage
 Z - 4 potions of brilliance
Books
 H - a manual of Evocations
Miscellaneous
 B - 26 boxes of beasts
 I - a lightning rod (4/4)
 U - a phial of floods
 Y - 17 phantom mirrors
Comestibles
 d - 40 rations


   Skills:
 O Level 27 Fighting
   Level 7.2 Long Blades
 - Level 15.0 Maces & Flails
 - Level 6.0 Armour
 - Level 15.0 Dodging
 - Level 2.1 Stealth
   Level 5.5 Shields
 + Level 25.7 Spellcasting
 - Level 20.0 Conjurations
 - Level 8.0 Charms
 - Level 15.0 Necromancy
 - Level 5.0 Transmutations
 - Level 22.0 Fire Magic
 + Level 8.6 Ice Magic
 + Level 19.0 Air Magic
 - Level 22.0 Earth Magic
 - Level 6.0 Evocations


You had 3 spell levels left.
You knew the following spells:

 Your Spells              Type           Power        Failure   Level  Hunger
a - Shatter               Erth           ########..   1%          9    None
b - Stone Arrow           Conj/Erth      ######       0%          3    None
c - Lee's Rapid Deconstr  Erth           ########..   0%          5    None
d - Iron Shot             Conj/Erth      ########..   0%          6    None
e - Death's Door          Chrm/Necr      ########..   5%          8    None
f - Necromutation         Tmut/Necr      ########..   10%         8    None
g - Ignition              Fire           ########..   1%          8    None
h - Tornado               Air            ########..   1%          9    None
i - Fire Storm            Conj/Fire      ########..   1%          9    None
j - Absolute Zero         Ice            #######...   47%         9    None

Your spell library contained the following spells:

 Spells                   Type           Power        Failure   Level  Hunger
 Chain Lightning          Conj/Air       ########..   1%          8    None
 Lehudib's Crystal Spear  Conj/Erth      ########..   1%          8    None
 Animate Skeleton         Necr           N/A          0%          1    None
 Foxfire                  Conj/Fire      ####         0%          1    None
 Freeze                   Ice            ####         0%          1    None
 Infusion                 Chrm           ####         0%          1    None
 Magic Dart               Conj           ####         0%          1    None
 Pain                     Necr           ####         0%          1    None
 Sandblast                Erth           ######       0%          1    None
 Shock                    Conj/Air       ####         0%          1    None
 Corpse Rot               Necr/Air       N/A          0%          2    None
 Passwall                 Tmut/Erth      ########     0%          2    None
 Poisonous Vapours        Pois/Air       ######       0%          2    None
 Searing Ray              Conj           ######       0%          2    None
 Song of Slaying          Chrm           #######.     0%          2    None
 Swiftness                Chrm/Air       ########     0%          2    None
 Conjure Flame            Conj/Fire      ########     0%          3    None
 Dazzling Flash           Conj/Hex       ######       0%          3    None
 Frozen Ramparts          Ice            ######       0%          3    None
 Ignite Poison            Fire/Tmut/Pois #######.     0%          3    None
 Inner Flame              Hex/Fire       ########     0%          3    None
 Mephitic Cloud           Conj/Pois/Air  ########     0%          3    None
 Ozocubu's Armour         Chrm/Ice       #######.     0%          3    None
 Static Discharge         Conj/Air       ########     0%          3    None
 Vampiric Draining        Necr           ########..   0%          3    None
 Apportation              Tloc           ######       1%          1    None
 Corona                   Hex            ######.      1%          1    None
 Sting                    Tmut/Pois      ####         1%          1    None
 Summon Butterflies       Summ           ######..     1%          1    None
 Summon Small Mammal      Summ           ####         1%          1    None
 Blink                    Tloc           N/A          1%          2    None
 Call Imp                 Summ           ######..     1%          2    None
 Ensorcelled Hibernation  Hex/Ice        ######       1%          2    None
 Shroud of Golubria       Chrm/Tloc      ######       1%          2    None
 Slow                     Hex            ######..     1%          2    None
 Call Canine Familiar     Summ           ######..     1%          3    None
 Confusing Touch          Hex            ######..     1%          3    None
 Gell's Gravitas          Tloc           ######....   1%          3    None
 Lesser Beckoning         Tloc           ######....   1%          3    None
 Portal Projectile        Hex/Tloc       ######       1%          3    None
 Recall                   Summ/Tloc      N/A          1%          3    None
 Spectral Weapon          Hex/Chrm       #######.     1%          3    None
 Spider Form              Tmut/Pois      ######....   1%          3    None
 Summon Guardian Golem    Hex/Summ       ######..     1%          3    None
 Teleport Other           Tloc           ######..     1%          3    None
 Tukima's Dance           Hex            ######..     1%          3    None
 Airstrike                Air            ########..   0%          4    None
 Animate Dead             Necr           N/A          0%          4    None
 Dispel Undead            Necr           ########     0%          4    None
 Hailstorm                Conj/Ice       ########     0%          4    None
 Leda's Liquefaction      Hex/Erth       ########..   0%          4    None
 Petrify                  Tmut/Erth      ########     0%          4    None
 Sticky Flame             Conj/Fire      ########     0%          4    None
 Agony                    Necr           ########     0%          5    None
 Bolt of Magma            Conj/Fire/Erth ########..   0%          5    None
 Borgnjor's Vile Clutch   Necr/Erth      ########..   0%          5    None
 Fireball                 Conj/Fire      ########..   0%          5    None
 Iskenderun's Battlesphe  Conj/Chrm      ########     0%          5    None
 Lightning Bolt           Conj/Air       ########..   0%          5    None
 Conjure Ball Lightning   Conj/Air       ########..   0%          6    None
 Starburst                Conj/Fire      ########..   0%          6    None
 Cause Fear               Hex            ######....   1%          4    None
 Fulminant Prism          Conj/Hex       ########..   1%          4    None
 Ice Form                 Ice/Tmut       #######.     1%          4    None
 Iskenderun's Mystic Bla  Conj/Tloc      ########     1%          4    None
 Olgreb's Toxic Radiance  Pois           ######..     1%          4    None
 Passage of Golubria      Tloc           N/A          1%          4    None
 Summon Ice Beast         Ice/Summ       #######.     1%          4    None
 Summon Lightning Spire   Summ/Air       ########     1%          4    None
 Alistair's Intoxication  Tmut/Pois      ######..     1%          5    None
 Blade Hands              Tmut           #######...   1%          5    None
 Excruciating Wounds      Chrm/Necr      ########..   1%          5    None
 Irradiate                Conj/Tmut      ########..   1%          5    None
 Metabolic Englaciation   Hex/Ice        #######...   1%          5    None
 Silence                  Hex/Air        ########..   1%          5    None
 Yara's Violent Unravell  Hex/Tmut       ######....   1%          5    None
 Death Channel            Necr           ########..   1%          6    None
 Freezing Cloud           Conj/Ice/Air   ########..   1%          6    None
 Hydra Form               Tmut           #######...   1%          6    None
 Ozocubu's Refrigeration  Ice            #######...   1%          6    None
 Simulacrum               Ice/Necr       ########..   1%          6    None
 Ring of Flames           Chrm/Fire      ########..   1%          7    None
 Spellforged Servitor     Conj/Summ      ########..   1%          7    None
 Borgnjor's Revivificati  Necr           ########..   1%          8    None
 Infestation              Necr           ########..   1%          8    None
 Aura of Abjuration       Summ           ######....   2%          5    None
 Summon Demon             Summ           ######....   2%          5    None
 Summon Forest            Summ/Tloc      ######....   2%          5    None
 Summon Mana Viper        Hex/Summ       ######..     2%          5    None
 Haunt                    Necr/Summ      #######...   3%          7    None
 Eringya's Noxious Bog    Tmut/Pois      ######....   4%          6    None
 Dragon Form              Tmut           #######...   10%         7    None
 Darkness                 Hex            ######....   13%         6    None
 Dispersal                Tloc           ######....   13%         6    None
 Invisibility             Hex            ######..     13%         6    None
 Shadow Creatures         Summ           N/A          13%         6    None
 Malign Gateway           Summ/Tloc      ######....   56%         7    None
 Monstrous Menagerie      Summ           ######....   56%         7    None
 Summon Greater Demon     Summ           ######....   56%         7    None
 Summon Hydra             Summ           ######....   56%         7    None
 Controlled Blink         Tloc           N/A          99%         8    None
 Discord                  Hex            ######....   99%         8    None
 Disjunction              Tloc           ######....   99%         8    None
 Summon Horrible Things   Summ           ######....   99%         8    None
 Dragon's Call            Summ           ######....   100%        9    None
 Sublimation of Blood     Necr           Unusable     N/A         2    N/A
 Statue Form              Tmut/Erth      Unusable     N/A         6    N/A

Dungeon Overview and Level Annotations

Branches:
Dungeon (15/15)            Temple (1/1) D:5            Lair (6/6) D:10
  Swamp (4/4) Lair:3       Spider (4/4) Lair:4        Slime (5/5) Lair:5
    Orc (2/2) D:11            Elf (3/3) Orc:2        Vaults (5/5) D:14
  Crypt (3/3) Vaults:3       Tomb (0/3) Crypt:3      Depths (5/5) D:15
    Zot (0/5) Depths:5      Sewer (visited)           IceCv (visited)
 WizLab (visited)

Altars:
Ashenzari
Cheibriados
Dithmenos
Elyvilon
Fedhas
Gozag
Hepliaklqana
Kikubaaqudgha
Makhleb
Nemelex Xobeh
Okawaru
Qazlal
Ru
Sif Muna
Trog
Uskayaw
Vehumet
Wu Jian
Xom
Yredelemnul
Zin
The Shining One
Beogh

Shops:
D:8 =   D:14 *   D:15 !   Orc:1 (   Orc:2 :[?   Elf:1 =(}   Vaults:1 :
Vaults:2 [   Vaults:5 }[   Depths:1 (   Depths:2 *

Portals:
Hell: Depths:1 Depths:2 Depths:3 Depths:4 Depths:5
Abyss: Depths:4
Pandemonium: Depths:2 Depths:3

Annotations:
Elf:2 3 runed translucent doors
Abyss:1 Louise


Innate Abilities, Weirdness & Mutations

You are resistant to torment.
Your stone body is resilient. (AC +20)
You are immune to poison.
Your large and strong wings let you fly indefinitely.
You resist negative energy. (rN+)
You are resistant to electric shocks. (rElec)
You can survive without breathing.
You are immune to petrification.
You are immune to rotting.
You are agile. (Dex +2)
Your mind is very acute. (Int +4)
You are robust. (+10% HP)
You occasionally shout uncontrollably at your foes.


Message History

The titan casts a spell.
The titan is healed somewhat.
The sphinx mumbles some strange words.
Something smites you!
* * * LOW HITPOINT WARNING * * *
The tengu reaver points at you and mumbles some strange words.
The bolt of poison misses you. 2 ironheart preservers come into view.
An ironheart preserver is wielding a +1 mace of protection.
An ironheart preserver is wielding a +2 great mace of protection.
The ancient lich gestures at you while chanting.
The bolt of fire misses you.
A fire giant comes into view.
It is wielding a +1 great sword of flaming.
A frost giant comes into view.
It is wielding a +2 battleaxe of freezing.
A tengu reaver comes into view. It is wielding a +2 vorpal battleaxe.
The titan waves its arms in wide circles.
The air twists around and violently strikes you in flight!
* * * LOW HITPOINT WARNING * * *
The tengu reaver points at you and mumbles some strange words.
The bolt of acid hits you!!
You die...

▓▓.......
▓............)....
▓▓..........#†).L..
▓.....§§§§§§§§§§Dp.
▓.....§§§§§§§§Q§§CC
▓.....§§§§§§§§§§§..
▓▓.....§§§§§L§§§§Hp.
▓..∩...§§§§D§§§§§§p.
▓▓.....§§L§§@§§§§§G.
▓....§§§§§§§§§§§C.C
▓.....§§§§§§§§§§§.Q
▓....§§§§§§§§§§§§..
▓▓....§§#§§§§§§§§..
▓....§§§§§§§§§§§..
▓▓................
▓▓...............
▓...#.


You could see 2 ironheart preservers, 2 titans, 2 golden dragons, 3 ancient
liches, a frost giant, a fire giant, a sphinx, 2 tengu reavers, a glowing orange
brain shaped shifter and an ironbrand convoker.

Vanquished Creatures
  12 ancient liches
  Mara (Swamp:3)
  16 juggernauts
  The ghost of Muffal the Impregnable, a legendary FoFi of the Shining One (Zig:4)
  A greater mummy (Zig:21)
  Boris (Depths:3)
  Saint Roka (Depths:5)
  Xtahua (Crypt:1)
  Frederick (Crypt:1)
  12 Killer Klowns
  A caustic shrike (shapeshifter) (Zig:10)
  A curse toe (Zig:4)
  12 caustic shrikes
  Nikola (Spider:1)
  A golden dragon (shapeshifter) (Zig:10)
  13 pandemonium lords
  A profane servitor (Zig:15)
  11 golden dragons
  11 pearl dragons (Zig:24)
  Arachne (Spider:4)
  A bone dragon (Zig:15)
  3 hellephants (Zig:20)
  2 Tzitzimimeh (Zig:15)
  An iron giant (Zig:8)
  2 Brimstone Fiends (Zig:15)
  3 Hell Sentinels (Zig:15)
  8 tentacled monstrosities
  Rupert (D:14)
  An Ice Fiend (IceCv)
  11 quicksilver dragons
  3 deep elf blademasters
  4 titans
  22 acid blobs
  2 tentacled starspawn (Abyss:2)
  7 liches
  7 deep elf master archers
  A sphinx (shapeshifter) (Zig:17)
  A shadow dragon (shapeshifter) (Zig:17)
  2 Executioners (Zig:15)
  2 thorn hunters
  11 shadow dragons
  4 sphinxes
  10 draconian monks
  14 revenants
  13 tengu reavers
  Donald (Elf:3)
  10 storm dragons
  9 ancient champions
  6 daevas (Zig:24)
  An azure jelly (shapeshifter) (Zig:18)
  15 azure jellies
  A frost giant (shapeshifter) (Zig:18)
  14 fire giants
  18 vault wardens
  25 nagarajas
  8 draconian knights
  9 orc warlords
  10 deep elf sorcerers
  4 balrugs
  A ghost moth (shapeshifter) (Zig:18)
  2 juggernaut zombies
  11 frost giants
  7 draconian scorchers
  10 draconian shifters
  12 curse skulls
  21 ghost moths
  9 iron dragons
  A caustic shrike zombie (Zig:19)
  3 cacodemons
  7 angels (Zig:24)
  A juggernaut skeleton (Crypt:3)
  8 deep elf elementalists
  11 emperor scorpions
  13 ironheart preservers
  13 ghouls
  3 caustic shrike skeletons
  12 draconian annihilators
  24 very ugly things
  10 reapers
  8 draconian stormcallers
  16 entropy weavers
  3 war gargoyles
  11 ophanim
  4 spriggan defenders
  6 black suns
  40 stone giants
  4 blood saints (Zig:14)
  9 green draconians
  3 corrupters
  3 black draconians
  11 vampire knights
  5 white draconians
  A spectral titan (Crypt:3)
  Azrael (D:14)
  19 deep elf demonologists
  15 deep elf annihilators
  2 spark wasps (shapeshifter)
  19 spark wasps
  10 apis (Zig:24)
  6 purple draconians
  A dire elephant (Lair:6)
  A lorocyproca (Abyss:2)
  4 orange crystal statues
  2 dire elephants (shapeshifter)
  12 eidola
  3 yellow draconians
  3 red draconians
  8 merfolk impalers
  16 ettins
  5 green deaths
  9 merfolk javelineers
  15 deep elf death magi
  2 blizzard demons
  Snorg (D:12)
  14 yaktaur captains
  8 jiangshi
  3 mummy priests (Zig:5)
  2 crystal guardians
  18 fire dragons
  Josephine (D:12)
  9 deep elf high priests
  6 death oozes
  21 great orbs of eyes
  20 ice dragons
  9 naga warriors
  Erolcha (Orc:2)
  2 rakshasas
  30 vault guards
  45 hydras
  10 ghost crabs
  2 alligator snapping turtles (Zig:14)
  11 centaur warriors
  An anaconda (shapeshifter) (Zig:19)
  2 catoblepae (shapeshifter)
  4 anacondas (Zig:25)
  5 spriggan air magi
  5 merfolk avatars
  4 catoblepae
  4 death knights
  An alligator snapping turtle (shapeshifter) (Zig:18)
  15 merfolk aquamancers
  The ghost of Wiudemir the Geomancer, a journeyman GrEE of Vehumet (D:10)
  3 shambling mangroves
  23 dancing weapons
  2 hell hogs
  26 alligators
  5 death yaks
  A satyr (Zig:26)
  24 ogre magi
  9 deep troll earth magi
  21 vampire magi
  40 two-headed ogres
  7 spriggan berserkers
  Urug (Orc:1)
  3 thrashing horrors
  18 orc high priests
  7 deep troll shamans
  A soul eater (Zig:15)
  4 tengu warriors
  7 naga sharpshooters
  6 shock serpents
  A spectral storm dragon (Crypt:3)
  A shock serpent (shapeshifter) (Depths:1)
  A storm dragon zombie (Vaults:3)
  Sonja (Orc:2)
  2 sun demons
  6 hell knights
  17 deep elf knights
  2 titan skeletons
  5 wretched stars
  2 sixfirhies
  A spatial maelstrom (Zig:9)
  21 shadow wraiths
  18 skeletal warriors
  An iron troll (shapeshifter) (Zig:10)
  A salamander mystic (Zig:14)
  A sea snake (shapeshifter) (Zig:17)
  9 iron trolls
  2 unseen horrors
  2 shadow demons (Depths:1)
  2 golden dragon zombies
  2 deep trolls (shapeshifter)
  8 spriggan druids
  A storm dragon skeleton (Zig:19)
  11 cherubim (Zig:24)
  3 death drakes
  11 sea snakes
  The ghost of Lowtech the Insei, a novice OpTm of Gozag (D:7)
  11 flayed ghosts
  An anaconda zombie (Crypt:3)
  18 deep trolls
  2 naga ritualists (Zig:25)
  4 glowing orange brains
  A spectral hydra (Crypt:3)
  A glowing orange brain (shapeshifter) (Zig:17)
  25 swamp dragons
  21 deep elf archers
  2 obsidian statues (Zig:8)
  15 ironbrand convokers
  9 starcursed masses
  A torturous demonspawn (Zig:15)
  A golden dragon skeleton (Zig:8)
  41 orb spiders
  3 tengu zombies
  An anaconda skeleton (Crypt:2)
  4 wizards
  2 harpies (shapeshifter)
  24 phantasmal warriors
  3 shadow dragon zombies
  17 necromancers
  A tengu skeleton (Vaults:3)
  13 orc knights
  A sphinx zombie (Zig:8)
  17 harpies
  17 orc sorcerers
  20 manticores
  A mana viper (shapeshifter) (Zig:18)
  26 ugly things
  13 large abominations
  A shadow dragon skeleton (Crypt:1)
  Pikel (D:6)
  54 wolf spiders
  2 frost giant zombies
  A stone giant zombie (Crypt:1)
  2 shining eyes (shapeshifter)
  77 deep elf magi
  A cyclops (shapeshifter) (Zig:19)
  2 worldbinders (Abyss:2)
  A manticore (shapeshifter) (Vaults:2)
  7 shining eyes
  8 cyclopes
  8 ice statues
  5 merfolk sirens
  19 moths of wrath
  5 salamanders
  A fire giant zombie (Crypt:1)
  2 elephants (shapeshifter)
  12 apocalypse crabs
  10 elephants
  12 water nymphs
  2 dire elephant zombies (Crypt:2)
  2 fire giant skeletons (Zig:8)
  21 black mambas
  4 iron dragon skeletons
  5 guardian serpents
  2 stone giant skeletons
  18 vault sentinels
  Maurice (D:10)
  10 naga magi
  A rust devil (Depths:3)
  A storm dragon simulacrum (Depths:4)
  3 eyes of devastation
  2 orange demons
  A guardian serpent (shapeshifter) (Vaults:2)
  5 smoke demons
  2 frost giant skeletons
  10 torpor snails
  A spiny frog (shapeshifter) (Depths:2)
  2 gargoyles
  Maggie (D:6)
  18 spiny frogs
  A rime drake (shapeshifter) (D:14)
  23 rime drakes
  7 hellions
  3 spriggan skeletons
  57 yaktaurs
  5 kobold demonologists
  22 freezing wraiths
  An ancient zyme (Zig:9)
  A yaktaur skeleton (Vaults:3)
  A komodo dragon (shapeshifter) (Vaults:5)
  An efreet (D:14)
  10 komodo dragons
  15 demonic crawlers
  A hellwing (Depths:2)
  A pale draconian zombie (Crypt:3)
  An anaconda simulacrum (IceCv)
  A tengu conjurer (Depths:3)
  A queen ant zombie (Crypt:3)
  A human skeleton (Vaults:3)
  6 red devils
  3 tormentors
  A jumping spider (shapeshifter) (Zig:10)
  4 guardian mummies
  A merfolk (shapeshifter) (Zig:17)
  46 jumping spiders
  13 ice devils
  A death drake zombie (Crypt:3)
  8 trolls
  3 hydra zombies
  58 merfolk
  A polar bear (Lair:4)
  2 shadow dragon simulacra
  6 tyrant leeches
  17 bog bodies
  2 raiju
  10 wind drakes
  A hornet (shapeshifter) (Depths:4)
  27 hornets
  A dream sheep (shapeshifter) (Depths:2)
  118 slime creatures
  2 hippogriffs (shapeshifter)
  2 frost giant simulacra
  18 blink frogs
  A sphinx simulacrum (Vaults:3)
  A fire giant simulacrum (Crypt:3)
  A blink frog (shapeshifter) (Zig:17)
  2 ettin zombies
  An ice dragon zombie (Crypt:2)
  16 hippogriffs
  30 flying skulls
  14 snapping turtles
  An alligator zombie (Crypt:1)
  7 air elementals
  7 spriggans
  A snapping turtle (shapeshifter) (Zig:10)
  A deep troll skeleton (D:15)
  3 spriggans (shapeshifter)
  19 wraiths
  3 ettin skeletons
  16 shadows
  2 dire elephant simulacra (IceCv)
  35 water elementals
  2 fire dragon skeletons
  84 redbacks
  6 fire elementals
  3 humans (Depths:4)
  4 tarantellas (shapeshifter)
  A redback (shapeshifter) (Vaults:5)
  12 basilisks
  7 vampires (D:13)
  10 wyverns
  3 ynoxinuls
  6 hungry ghosts
  75 yaks
  4 fire bats (Depths:2)
  2 steam dragons (Zig:16)
  23 tarantellas
  A golden eye (Zig:10)
  17 vampire mosquitoes
  4 chaos spawn
  A yaktaur simulacrum (Vaults:3)
  7 insubstantial wisps
  2 iron troll simulacra (IceCv)
  3 harpy simulacra (IceCv)
  A glowing shapeshifter zombie (Crypt:2)
  A swamp worm (shapeshifter) (Zig:17)
  14 swamp worms
  10 wargs
  6 nagas
  An orb spider zombie (Crypt:2)
  9 acid dragons
  A hydra simulacrum (IceCv)
  25 swamp drakes
  5 floating eyes
  10 hell hounds
  17 water moccasins
  14 porcupines
  A manticore zombie (Crypt:2)
  40 orc warriors
  6 sky beasts
  5 black bears
  An ettin simulacrum (IceCv)
  A spiny frog skeleton (Abyss:2)
  An eye of draining (shapeshifter) (Vaults:3)
  2 ice beasts
  A snapping turtle zombie (Crypt:1)
  An orc zombie (Vaults:2)
  55 ogres
  An ogre (shapeshifter) (Elf:3)
  8 necrophages
  A dream sheep zombie (Crypt:3)
  8 eyes of draining
  4 phantoms
  4 elf zombies
  13 wolves
  7 boggarts
  32 centaurs
  A dream sheep skeleton (Crypt:2)
  20 crocodiles
  6 elf skeletons
  A big kobold (Sewer)
  A hippogriff zombie (Crypt:2)
  2 yaktaur zombies
  A rime drake skeleton (Crypt:1)
  21 bullfrogs
  A cyclops zombie (Crypt:3)
  4 earth elementals
  2 glowing shapeshifter simulacra
  A wyvern skeleton (Crypt:1)
  A scorpion (D:4)
  19 killer bees
  A human simulacrum (Vaults:2)
  8 wights
  5 electric eels
  2 vampire bats (Orc:1)
  5 howler monkeys
  12 crimson imps
  4 small abominations
  A bullfrog zombie (D:5)
  4 centaur zombies
  10 human zombies
  19 orc priests
  5 hounds
  2 jellies
  3 quasits
  A black bear zombie (Crypt:1)
  43 orc wizards
  3 bullfrog skeletons
  8 centaur skeletons
  3 iron imps
  8 iguanas
  An iguana (shapeshifter) (Zig:17)
  2 hell rats (D:13)
  9 worker ants
  A lightning spire (Zig:19)
  An acid dragon zombie (Crypt:3)
  A felid zombie (Crypt:1)
  3 mummies (Zig:5)
  A worker ant zombie (D:6)
  4 gnolls
  A howler monkey skeleton (D:5)
  16 adders
  3 river rats
  3 shadow imps
  A white imp (Depths:3)
  2 ufetubi (Depths:3)
  2 oozes
  2 adder zombies
  2 adder skeletons (D:4)
  4 worms
  A barachi zombie (Crypt:2)
  2 dart slugs
  8 leopard geckos
  124 orcs
  15 giant cockroaches
  12 goblins
  8 hobgoblins
  17 jackals
  6 quokkas
  A river rat zombie (Crypt:1)
  A ball python (D:1)
  A ball python zombie (D:2)
  27 bats
  3 frilled lizards
  2 goblin skeletons (Crypt:2)
  16 kobolds
  A leopard gecko skeleton (D:7)
  A quokka skeleton (D:5)
  18 rats
  A block of ice (Zig:17)
  2 crawling corpses (Elf:3)
  101 fire vortices
  5 fungi
  2 plants (Lair:4)
  4 starspawn tentacles (Abyss:2)
3992 creatures vanquished.

Vanquished Creatures (collateral kills)
  the Royal Jelly (Slime:5)
  A caustic shrike (Zig:20)
  A pandemonium lord (Zig:15)
  An ancient champion (Zig:13)
  A sphinx (shapeshifter) (Zig:18)
  An azure jelly (Slime:5)
  A hydra (Zig:20)
  A polar bear (Zig:20)
  An elf zombie (Zig:19)
  A snapping turtle (Zig:4)
  An elf skeleton (Zig:19)
  A floating eye (shapeshifter) (Zig:18)
  A black bear (shapeshifter) (Zig:18)
  2 orcs (D:6)
15 creatures vanquished.

Vanquished Creatures (others)
  2 Killer Klowns (Zig:17)
  An eldritch tentacle (Zig:18)
  An eidolon (Zig:18)
  A deep elf death mage (Zig:18)
  A ghost crab (Zig:18)
  An alligator (Swamp:2)
  A deep elf knight (Elf:1)
  A phantasmal warrior (Crypt:3)
  A rime drake (Zig:16)
  A wyvern (Lair:6)
  A slave (D:6)
  An orc wizard (D:4)
  193 fire vortices
  13 fungi
  6 plants
  A withered plant (D:15)
226 creatures vanquished.

Grand Total: 4233 creatures vanquished

Notes
Turn   | Place    | Note
-------+----------+-------------------------------------------
     0 | D:1      | Arvaldir the Gargoyle Earth Elementalist began the quest
                  | for the Orb.
     0 | D:1      | Reached XP level 1. HP: 10/10 MP: 3/3
   205 | D:1      | Reached XP level 2. HP: 12/15 MP: 0/5
   609 | D:1      | Reached XP level 3. HP: 17/19 MP: 2/6
  1093 | D:2      | Reached XP level 4. HP: 24/24 MP: 4/8
  1218 | D:2      | Reached skill level 5 in Earth Magic
  1471 | D:2      | Learned a level 3 spell: Stone Arrow
  1756 | D:2      | Reached XP level 5. HP: 26/28 MP: 10/10
  1774 | D:2      | Learned a level 5 spell: Lee's Rapid Deconstruction
  1949 | D:2      | Reached skill level 1 in Conjurations
  2786 | D:3      | Gained mutation: You are frail. (-10% HP) [potion of
                  | mutation]
  2786 | D:3      | Gained mutation: Your muscles are strong. (Str +2) [potion
                  | of mutation]
  2786 | D:3      | Gained mutation: Your flesh is heat resistant. (rF+)
                  | [potion of mutation]
  2787 | D:3      | Lost mutation: Your flesh is heat resistant. (rF+) [potion
                  | of mutation]
  2787 | D:3      | Lost mutation: Your muscles are strong. (Str +2) [potion of
                  | mutation]
  2787 | D:3      | Gained mutation: You expend magic power (3 MP) to
                  | strengthen your wands. [potion of mutation]
  2787 | D:3      | Gained mutation: You have a pair of small horns on your
                  | head. [potion of mutation]
  2787 | D:3      | Gained mutation: Your muscles are strong. (Str +2) [potion
                  | of mutation]
  2891 | D:3      | Found an ancient bone altar of Kikubaaqudgha.
  3295 | D:4      | Reached XP level 6. HP: 28/28 MP: 11/11
  3607 | D:4      | Reached XP level 7. HP: 14/32 MP: 6/13
  3869 | D:4      | Found a glowing golden altar of the Shining One.
  3904 | D:4      | Found a basalt altar of Yredelemnul.
  4198 | D:4      | Reached skill level 5 in Spellcasting
  4340 | D:4      | Noticed an angel
  4826 | D:5      | Entered Level 5 of the Dungeon
  4900 | D:5      | Reached XP level 8. HP: 19/36 MP: 7/15
  5084 | D:5      | Reached skill level 5 in Conjurations
  5547 | D:5      | Got a crude lead ring
  5553 | D:5      | Identified the ring of Birdsong {rCorr Dex+2} (You found it
                  | on level 5 of the Dungeon)
  5633 | D:5      | Found a staircase to the Ecumenical Temple.
  5646 | Temple   | Entered the Ecumenical Temple
  5814 | Temple   | Became a worshipper of Vehumet
  6221 | D:6      | Found a white marble altar of Elyvilon.
  6226 | D:6      | Reached XP level 9. HP: 27/41 MP: 15/18
  6251 | D:6      | Reached skill level 1 in Armour
  6276 | D:6      | Reached skill level 1 in Maces & Flails
  6282 | D:6      | Reached skill level 1 in Fighting
  6332 | D:6      | Found a glowing drain.
  6338 | D:6      | Reached skill level 1 in Evocations
  6348 | Sewer    | Entered a sewer
  6484 | Sewer    | Reached * piety under Vehumet
  6484 | Sewer    | Offered knowledge of Freeze by Vehumet.
  6534 | Sewer    | Found a white marble altar of Elyvilon.
  6650 | D:6      | Lost mutation: You are frail. (-10% HP) [potion of
                  | mutation]
  6650 | D:6      | Lost mutation: Your muscles are strong. (Str +2) [potion of
                  | mutation]
  6650 | D:6      | Lost mutation: You expend magic power (3 MP) to strengthen
                  | your wands. [potion of mutation]
  6650 | D:6      | Gained mutation: You are surrounded by a mild repulsion
                  | field. (EV +2) [potion of mutation]
  6650 | D:6      | Gained mutation: Your mind is acute. (Int +2) [potion of
                  | mutation]
  6650 | D:6      | Gained mutation: Your spells are a little easier to cast,
                  | but a little less powerful. [potion of mutation]
  6650 | D:6      | Gained mutation: Your large and strong wings let you fly
                  | indefinitely. [potion of mutation]
  6966 | D:6      | Noticed Pikel
  6975 | D:6      | Killed Pikel
  6975 | D:6      | Reached skill level 2 in Fighting
  7177 | D:6      | Noticed Maggie
  7187 | D:6      | Killed Maggie
  7831 | D:7      | Reached XP level 10. HP: 52/55 MP: 1/20
  7838 | D:7      | Found a sacrificial altar of Ru.
  7946 | D:7      | Found a runed translucent gate.
  7947 | D:7      | Found a runed translucent gate.
  7947 | D:7      | Found a runed translucent gate.
  7949 | D:7      | Noticed Lowtech's ghost (novice OpTm)
  7963 | D:7      | Killed Lowtech's ghost
  7963 | D:7      | Reached skill level 3 in Fighting
  7963 | D:7      | Reached skill level 1 in Long Blades
  8172 | D:7      | Reached ** piety under Vehumet
  8172 | D:7      | Offered knowledge of Foxfire by Vehumet.
  9225 | D:8      | Offered knowledge of Conjure Flame by Vehumet.
  9325 | D:8      | Found Opnediuh's Jewellery Shoppe.
  9809 | D:8      | Found a bloodstained altar of Trog.
  9975 | D:9      | Reached skill level 4 in Fighting
 10041 | D:9      | Reached XP level 11. HP: 38/61 MP: 9/22
 10042 | D:9      | Reached *** piety under Vehumet
 10042 | D:9      | Reached skill level 10 in Earth Magic
 11196 | D:10     | Entered Level 10 of the Dungeon
 11228 | D:10     | Noticed Maurice
 11238 | D:10     | Killed Maurice
 11238 | D:10     | Offered knowledge of Frozen Ramparts by Vehumet.
 11401 | D:10     | Found a staircase to the Lair.
 11529 | D:10     | Found a runed translucent gate.
 11529 | D:10     | Found a runed translucent gate.
 11530 | D:10     | Noticed Wiudemir's ghost (journeyman GrEE)
 11531 | D:10     | Found a runed translucent gate.
 11614 | D:10     | Reached skill level 5 in Armour
 11616 | D:10     | Reached skill level 5 in Fighting
 11876 | D:10     | Found the +4 skin of Zhor {Englaciate rC+++ SInv}
 12172 | D:11     | Reached **** piety under Vehumet
 12201 | D:11     | Noticed a manticore
 12210 | D:11     | Killed a manticore
 12210 | D:11     | Reached skill level 5 in Maces & Flails
 12580 | D:11     | Offered knowledge of Bolt of Magma by Vehumet.
 12845 | D:8      | Bought the ring of Zicuajiff {rF+ rCorr Str+5 Int+5} for
                  | 880 gold pieces
 12941 | D:11     | Noticed a red ugly thing
 12946 | D:11     | Killed a red ugly thing
 13074 | D:11     | Reached XP level 12. HP: 46/68 MP: 24/24
 13333 | D:11     | Learned a level 5 spell: Bolt of Magma
 13428 | D:11     | Reached skill level 1 in Fire Magic
 13470 | D:11     | Found a staircase to the Orcish Mines.
 13932 | D:12     | Reached skill level 5 in Evocations
 14265 | D:12     | Reached skill level 5 in Dodging
 14299 | D:12     | Reached skill level 6 in Fighting
 14348 | D:12     | Noticed a four-headed hydra
 14361 | D:12     | Noticed Josephine
 14365 | D:12     | Killed an eight-headed hydra
 14380 | D:12     | Killed Josephine
 14381 | D:12     | Reached ***** piety under Vehumet
 14381 | D:12     | Offered knowledge of Yara's Violent Unravelling by Vehumet.
 14592 | D:12     | You fall into a shaft and drop 1 floor!
 14750 | D:13     | Noticed a vampire mage
 14781 | D:12     | Noticed Snorg
 14941 | D:13     | Reached XP level 13. HP: 47/75 MP: 25/25
 15152 | D:13     | Reached skill level 5 in Long Blades
 15301 | D:13     | Noticed a vampire knight
 15310 | D:13     | Killed a vampire knight
 15527 | D:13     | Found a basalt altar of Yredelemnul.
 16068 | D:12     | Killed Snorg
 16068 | D:12     | Reached skill level 5 in Fire Magic
 16180 | D:12     | Reached skill level 7 in Fighting
 16441 | D:14     | Noticed Azrael
 16454 | D:14     | Killed Azrael
 16661 | D:14     | Noticed Rupert
 16945 | D:14     | Killed Rupert
 17215 | D:14     | Found a gate to the Vaults.
 17354 | D:14     | Lost mutation: You are surrounded by a mild repulsion
                  | field. (EV +2) [potion of mutation]
 17354 | D:14     | Lost mutation: Your mind is acute. (Int +2) [potion of
                  | mutation]
 17354 | D:14     | Lost mutation: You have a pair of small horns on your head.
                  | [potion of mutation]
 17354 | D:14     | Lost mutation: Your spells are a little easier to cast, but
                  | a little less powerful. [potion of mutation]
 17354 | D:14     | Gained mutation: You have sharp fingernails. [potion of
                  | mutation]
 17354 | D:14     | Gained mutation: You expend magic power (3 MP) to
                  | strengthen your wands. [potion of mutation]
 17406 | D:14     | Found Moc Lite's Assorted Antiques.
 17414 | D:14     | Bought a potion of magic for 176 gold pieces
 17414 | D:14     | Bought a murky green potion for 19 gold pieces
 17414 | D:14     | Bought a scroll of teleportation for 66 gold pieces
 17585 | Lair:1   | Entered Level 1 of the Lair of Beasts
 17696 | Lair:1   | Mutation became permanent: Your large and strong wings let
                  | you fly indefinitely. [Gargoyle growth]
 17696 | Lair:1   | Gained mutation: Your large and strong wings let you fly
                  | indefinitely. [Gargoyle growth]
 17696 | Lair:1   | Reached XP level 14. HP: 50/82 MP: 25/27
 17785 | Lair:1   | Reached skill level 10 in Conjurations
 18681 | Lair:2   | Got a twisted short sword
 19816 | Lair:3   | Reached skill level 8 in Fighting
 19873 | Lair:3   | Offered knowledge of Ozocubu's Refrigeration by Vehumet.
 19923 | Lair:3   | Got a slimy leather armour
 20487 | Lair:3   | Found a staircase to the Swamp.
 20739 | Lair:4   | Got a faintly glowing helmet
 20753 | Lair:4   | Identified the +2 helmet "Itemuokh" {+Blink rC- rCorr
                  | Int-4} (You found it on level 4 of the Lair of Beasts)
 20765 | Lair:4   | Identified the +0 leather armour "Ebureo" {rPois MR+ Str-2
                  | Int+4} (You found it on level 3 of the Lair of Beasts)
 21776 | Lair:4   | Identified a +0 pair of boots of running (You found it on
                  | level 4 of the Lair of Beasts)
 22156 | Lair:4   | Found a hole to the Spider Nest.
 22611 | Lair:5   | Found a staircase to the Slime Pits.
 22808 | Lair:5   | Identified the +6 short sword "Newtslayer" {flame, Dex+3
                  | SInv} (You found it on level 2 of the Lair of Beasts)
 23293 | Lair:6   | Entered Level 6 of the Lair of Beasts
 23311 | Lair:6   | Reached XP level 15. HP: 42/89 MP: 28/28
 23326 | Lair:6   | Reached ****** piety under Vehumet
 23803 | Lair:5   | Reached skill level 9 in Fighting
 24124 | Lair:6   | Offered knowledge of Freezing Cloud by Vehumet.
 25093 | Lair:6   | Reached skill level 10 in Spellcasting
 25849 | Orc:1    | Entered Level 1 of the Orcish Mines
 25850 | Orc:1    | Noticed Urug
 25869 | Orc:1    | Killed Urug
 26113 | Orc:1    | You are sucked into a shaft and drop 1 floor!
 26113 | Orc:2    | Entered Level 2 of the Orcish Mines
 26113 | Orc:2    | Noticed Sonja
 26406 | Orc:1    | Found Etuto's Weapon Emporium.
 26483 | Orc:2    | Killed Sonja
 26483 | Orc:2    | Offered knowledge of Lightning Bolt by Vehumet.
 26567 | Orc:2    | Found a staircase to the Elven Halls.
 27280 | Orc:2    | Paralysed by an orc sorcerer for 7 turns
 27597 | Orc:2    | Paralysed by an orc sorcerer for 2 turns
 27604 | Orc:2    | Found Ahinovuw's Book Emporium.
 27649 | Orc:2    | Found Anwe's Antique Armour Shoppe.
 27684 | Orc:2    | Found an ancient bone altar of Kikubaaqudgha.
 27802 | Orc:2    | Found a radiant altar of Vehumet.
 27804 | Orc:2    | Noticed Erolcha
 27809 | Orc:2    | Killed Erolcha
 27855 | Orc:2    | Found a roughly hewn altar of Beogh.
 27855 | Orc:2    | Found Diamev's Magic Scroll Emporium.
 27878 | Orc:2    | Found Cottof's Gadget Emporium.
 27904 | Orc:2    | Bought a scroll of identify for 28 gold pieces
 27904 | Orc:2    | Bought a scroll of identify for 28 gold pieces
 28218 | D:15     | Entered Level 15 of the Dungeon
 28362 | D:15     | Offered knowledge of Iron Shot by Vehumet.
 28362 | D:15     | Reached skill level 10 in Fire Magic
 28362 | D:15     | Reached XP level 16. HP: 85/96 MP: 22/30
 29141 | D:15     | Found a staircase to the Depths.
 29149 | D:15     | Learned a level 6 spell: Iron Shot
 29185 | D:15     | Found Laxkyafe's Distillery.
 29192 | D:15     | Bought a potion of curing for 42 gold pieces
 29192 | D:15     | Bought a potion of curing for 42 gold pieces
 29192 | D:15     | Bought a potion of resistance for 140 gold pieces
 29192 | D:15     | Bought a potion of haste for 140 gold pieces
 29192 | D:15     | Bought a potion of curing for 42 gold pieces
 29420 | D:15     | Reached skill level 10 in Fighting
 29933 | Swamp:1  | Entered Level 1 of the Swamp
 29933 | Swamp:1  | Noticed Louise
 30083 | Swamp:1  | Banished Louise
 30291 | Swamp:1  | Learned a level 5 spell: Fireball
 32249 | Swamp:3  | Found a transporter.
 32253 | Swamp:3  | Offered knowledge of Starburst by Vehumet.
 32598 | Swamp:3  | Learned a level 6 spell: Starburst
 32729 | Swamp:3  | Noticed a thorn hunter
 32748 | Swamp:3  | Killed a thorn hunter
 32749 | Swamp:3  | Reached XP level 17. HP: 18/103 MP: 5/31
 33165 | Swamp:3  | Noticed Mara
 33340 | Swamp:3  | Found a transporter.
 33506 | Swamp:4  | Entered Level 4 of the Swamp
 33643 | Spider:1 | Entered Level 1 of the Spider Nest
 34115 | Spider:1 | Learned a level 8 spell: Ignition
 34222 | Spider:1 | Noticed Nikola
 34228 | Spider:1 | Killed Nikola
 34331 | Spider:1 | Offered knowledge of Spellforged Servitor by Vehumet.
 34987 | Spider:1 | Identified the +6 demon whip of Trial by Ordeal {venom,
                  | Str+5 Dex-2} (You found it on level 1 of the Spider Nest)
 37769 | Spider:3 | Offered knowledge of Lehudib's Crystal Spear by Vehumet.
 37769 | Spider:3 | Offered knowledge of Fire Storm by Vehumet.
 37769 | Spider:3 | Offered knowledge of Chain Lightning by Vehumet.
 37881 | Spider:4 | Entered Level 4 of the Spider Nest
 37889 | Spider:4 | Reached skill level 15 in Fire Magic
 38892 | Spider:4 | Reached skill level 10 in Maces & Flails
 39121 | Spider:4 | Noticed Arachne
 39127 | Spider:4 | Reached XP level 18. HP: 77/108 MP: 23/33
 39138 | Spider:4 | Killed Arachne
 39443 | Spider:4 | Reached skill level 11 in Fighting
 39557 | Spider:4 | Got a gossamer rune of Zot
 40290 | Swamp:3  | Killed Mara
 42100 | Swamp:4  | Got a decaying rune of Zot
 42199 | Swamp:4  | Reached XP level 19. HP: 90/115 MP: 30/34
 42711 | Vaults:1 | Entered Level 1 of the Vaults
 42758 | Vaults:1 | Found Zychipyino's Book Shoppe.
 42857 | Vaults:1 | Found a magical portal.
 42866 | WizLab   | Entered Wucad Mu's Monastery
 42964 | WizLab   | Found the +9 staff of Wucad Mu {channel}
 43024 | WizLab   | Reached skill level 15 in Earth Magic
 43024 | WizLab   | Reached XP level 20. HP: 100/120 MP: 35/35
 44928 | Elf:1    | Entered Level 1 of the Elven Halls
 45042 | Elf:1    | Found Oshroleul's Gadget Emporium.
 45082 | Elf:1    | Found Agughama's Weapon Shop.
 45082 | Elf:1    | Found Equocil's Jewellery Boutique.
 45223 | Elf:1    | Reached skill level 12 in Fighting
 45269 | Elf:1    | Reached skill level 10 in Dodging
 45498 | Elf:1    | Identified the Reference Book on Attacks
 45997 | Elf:2    | Found a frozen archway.
 46029 | IceCv    | Entered an ice cave
 47010 | IceCv    | Found the +2 shield of Resistance {rF+ rC+ MR+}
 47012 | IceCv    | Found the +2 robe of Vines {NoPotionHeal Regen+7}
 47032 | IceCv    | Got a fine robe
 47037 | IceCv    | Identified the +0 robe of Monotheism {-Tele Regen+ Str-2
                  | Int+8} (You found it in an ice cave)
 47866 | Elf:2    | Found a runed translucent gate.
 47866 | Elf:2    | Found a runed translucent gate.
 47867 | Elf:2    | Found a runed translucent gate.
 48023 | Elf:3    | Entered Level 3 of the Elven Halls
 48179 | Elf:3    | Reached XP level 21. HP: 128/128 MP: 37/37
 48462 | Elf:3    | Noticed Donald
 48469 | Elf:3    | Killed Donald
 48632 | Elf:3    | Cast into level 2 of the Abyss (a deep elf demonologist)
 49142 | Elf:3    | Escaped the Abyss
 49488 | Elf:3    | Identified the +1 leather armour of the Evening {*Slow rN+
                  | Regen+ Dex+10}
 49957 | Elf:3    | Reached skill level 13 in Fighting
 50084 | Elf:3    | Identified the +4 spear of the Orcish Mines {vamp, *Contam
                  | rF+++ MR- Stlth+}
 50087 | Elf:3    | Cast into level 2 of the Abyss (a deep elf sorcerer)
 50130 | Elf:3    | Escaped the Abyss
 50205 | Elf:3    | Identified the Incunabulum of Lucky Curses
 50213 | Elf:3    | Found the +3 hat of Pondering {ponderous, MR+ MP+10 Int+5}
 50236 | Elf:3    | Identified Sif Muna's Grimoire of Mutagenic Translocation
 51716 | Vaults:2 | Reached XP level 22. HP: 133/135 MP: 33/38
 51751 | Vaults:2 | Found Baym's Antique Armour Boutique.
 51771 | Vaults:2 | Bought a pair of embroidered gloves for 187 gold pieces
 51771 | Vaults:2 | Bought a shiny helmet for 187 gold pieces
 53511 | Vaults:3 | You are sucked into a shaft and drop 1 floor!
 55072 | Vaults:3 | Reached skill level 15 in Conjurations
 55156 | Vaults:3 | Found a staircase to the Crypt.
 55156 | Vaults:3 | Found an ancient bone altar of Kikubaaqudgha.
 55157 | Vaults:3 | Found a basalt altar of Yredelemnul.
 55431 | Vaults:4 | Reached XP level 23. HP: 139/141 MP: 15/40
 55798 | Vaults:4 | Reached skill level 14 in Fighting
 56075 | Vaults:5 | Entered Level 5 of the Vaults
 56166 | Crypt:1  | Entered Level 1 of the Crypt
 56200 | Crypt:1  | Noticed Frederick
 56220 | Crypt:1  | Killed Frederick
 56394 | Crypt:1  | Learned a level 9 spell: Shatter
 56592 | Crypt:1  | Noticed Xtahua
 56602 | Crypt:1  | Killed Xtahua
 57984 | Crypt:2  | Noticed an ancient lich
 57985 | Crypt:2  | Paralysed by an ancient lich for 2 turns
 58004 | Crypt:2  | Killed an ancient lich
 58048 | Crypt:2  | Found the +6 Majin-Bo {vamp, Archmagi MP+6 Int+6}
 59015 | Crypt:3  | Entered Level 3 of the Crypt
 59022 | Crypt:3  | Reached XP level 24. HP: 149/149 MP: 24/40
 59406 | Crypt:3  | Identified the +9 longbow of Disarray {flame, +Fly Str+3
                  | Int-4}
 59601 | Crypt:3  | Found a staircase to the Tomb.
 59774 | Crypt:3  | Found an ancient bone altar of Kikubaaqudgha.
 59834 | Crypt:3  | Got a sparkling pewter ring
 59834 | Crypt:3  | Got a vibrating glass ring
 59848 | Crypt:3  | Got a coiled golden ring
 59866 | Crypt:3  | Identified the ring "Qeuwkab" {rF- rC+ rN+ MR+ Stlth+} (You
                  | found it on level 3 of the Crypt)
 59868 | Crypt:3  | Identified the ring "Bebbu" {rN+ Stlth+} (You found it on
                  | level 3 of the Crypt)
 59871 | Crypt:3  | Identified the ring "Duhuots" {rN+ MP+9} (You found it on
                  | level 3 of the Crypt)
 60256 | Crypt:3  | Reached skill level 15 in Fighting
 60661 | Vaults:5 | Noticed an ancient lich
 60668 | Vaults:5 | Identified the amulet of Usonuruu {*Drain +Rage Int+9
                  | Slay+3}
 60669 | Vaults:5 | Killed an ancient lich
 60671 | Vaults:5 | Reached XP level 25. HP: 68/156 MP: 41/41
 60885 | Vaults:4 | Lost mutation: You expend magic power (3 MP) to strengthen
                  | your wands. [potion of mutation]
 60885 | Vaults:4 | Lost mutation: You have sharp fingernails. [potion of
                  | mutation]
 60885 | Vaults:4 | Gained mutation: Your flesh is cold resistant. (rC+)
                  | [potion of mutation]
 60885 | Vaults:4 | Gained mutation: You have large cloven feet. [potion of
                  | mutation]
 60886 | Vaults:4 | Lost mutation: Your flesh is cold resistant. (rC+) [potion
                  | of mutation]
 60886 | Vaults:4 | Lost mutation: You have large cloven feet. [potion of
                  | mutation]
 60886 | Vaults:4 | Gained mutation: Your mind is acute. (Int +2) [potion of
                  | mutation]
 60886 | Vaults:4 | Gained mutation: Your mind is very acute. (Int +4) [potion
                  | of mutation]
 60886 | Vaults:4 | Gained mutation: You are robust. (+10% HP) [potion of
                  | mutation]
 60886 | Vaults:4 | Gained mutation: You possess an exceptional clarity of
                  | mind. [potion of mutation]
 61195 | Vaults:5 | Noticed an ancient lich
 61201 | Vaults:5 | Killed an ancient lich
 61353 | Vaults:5 | Learned a level 9 spell: Fire Storm
 61541 | Vaults:5 | Identified the Disquisition on Transmutation and
                  | Enhancements
 61588 | Vaults:5 | Found Igguady's Gadget Shoppe.
 61599 | Vaults:5 | Got a silver rune of Zot
 61632 | Vaults:5 | Found Inu Kata's Antique Armour Shoppe.
 61640 | Vaults:5 | Bought a pair of twisted gloves for 437 gold pieces
 61640 | Vaults:5 | Bought a heavily runed buckler for 437 gold pieces
 61640 | Vaults:5 | Identified the +2 buckler of Nemelex Xobeh's Pride {*Drain
                  | rC+++ Regen+ Slay-6} (You bought it in a shop on level 5 of
                  | the Vaults)
 61643 | Vaults:5 | Identified the cursed +0 pair of gloves of the Fisher
                  | {Str-4 Dex+3 Slay+3} (You bought it in a shop on level 5 of
                  | the Vaults)
 61755 | Vaults:5 | Identified the cursed -2 helmet of the Forgotten Gods
                  | {rPois rF+} (You found it on level 5 of the Vaults)
 62527 | Slime:1  | Entered Level 1 of the Pits of Slime
 62727 | Slime:1  | Lost mutation: You possess an exceptional clarity of mind.
                  | [a shining eye]
 62835 | Slime:2  | Gained mutation: You are agile. (Dex +2) [a shining eye]
 62857 | Slime:2  | Gained mutation: You occasionally shout uncontrollably at
                  | your foes. [a shining eye]
 63039 | Slime:3  | Reached XP level 26. HP: 97/179 MP: 34/41
 63059 | Slime:3  | Reached skill level 16 in Fighting
 63217 | Slime:5  | Entered Level 5 of the Pits of Slime
 63238 | Slime:5  | Reached skill level 15 in Dodging
 63300 | Slime:5  | Reached skill level 15 in Maces & Flails
 63320 | Slime:5  | Killed the Royal Jelly
 63320 | Slime:5  | Reached skill level 15 in Spellcasting
 63377 | Slime:5  | Got a slimy rune of Zot
 63389 | Slime:5  | Identified the +1 helmet of Restlessness {*Drain rPois rF-
                  | rN+++} (You found it on level 5 of the Pits of Slime)
 63414 | Slime:5  | Identified the +2 robe of the Hippo {+Inv} (You found it on
                  | level 5 of the Pits of Slime)
 63418 | Slime:5  | Identified the ring "Overil" {Ice Str-3 Int+8 Slay+3} (You
                  | found it on level 5 of the Pits of Slime)
 63907 | D:10     | Killed Wiudemir's ghost
 64046 | Depths:1 | Entered Level 1 of the Depths
 64130 | Depths:1 | Found a shimmering blue altar of Sif Muna.
 64140 | Depths:1 | Paralysed by a great orb of eyes for 2 turns
 64189 | Depths:1 | Got a flickering bone amulet
 64190 | Depths:1 | Identified the amulet "Lotaerung" {RegenMP rN+} (You found
                  | it on level 1 of the Depths)
 64855 | Depths:1 | Found Varryxe's Weapon Shoppe.
 65270 | Depths:1 | Found a gateway to Hell.
 65707 | Depths:2 | Found Unylulor's Assorted Antiques.
 65721 | Depths:2 | Bought a potion of curing for 84 gold pieces
 65721 | Depths:2 | Bought a potion of heal wounds for 140 gold pieces
 65721 | Depths:2 | Bought a potion of heal wounds for 140 gold pieces
 66434 | Depths:2 | Found a one-way gate leading to the halls of Pandemonium.
 66732 | Depths:2 | Identified the +5 morningstar "Ytwush" {vorpal, rPois} (You
                  | found it on level 2 of the Depths)
 66810 | Depths:2 | Reached XP level 27. HP: 187/187 MP: 37/42
 66823 | Depths:2 | Got a faintly glowing bronze ring
 66824 | Depths:2 | Identified the ring "Pore" {+Fly rElec rF++ Dex-5} (You
                  | found it on level 2 of the Depths)
 67131 | Depths:3 | Noticed Boris
 67133 | Depths:3 | Killed Boris
 67133 | Depths:3 | Reached skill level 17 in Fighting
 67741 | Depths:3 | Reached skill level 5 in Shields
 68148 | Depths:4 | Found a gateway to a ziggurat.
 68198 | Depths:4 | Found a one-way gate to the infinite horrors of the Abyss.
 68363 | Depths:4 | Noticed a juggernaut
 68386 | Depths:4 | Identified the ring "Irghof" {+Fly Int+5}
 68492 | Depths:4 | Identified the cursed ring of Rerchonu {rF- EV-3 Slay+6}
 68567 | Depths:4 | Found a gateway to a bazaar.
 68579 | Depths:4 | You are sucked into a shaft and drop 1 floor!
 68579 | Depths:5 | Entered Level 5 of the Depths
 68768 | Bazaar   | Entered a bazaar
 68772 | Bazaar   | Found Xosi Ola's Jewellery Boutique.
 68780 | Bazaar   | Found Amaoweck's General Store.
 68791 | Bazaar   | Found Onuonuja's Antique Armour Emporium.
 68799 | Bazaar   | Bought a pair of jewelled gloves for 190 gold pieces
 68799 | Bazaar   | Identified the +3 pair of gloves "Qeosed" {Int+2} (You
                  | bought it in a shop in a bazaar)
 68816 | Bazaar   | Found Tuimousa's Antique Weapon Shop.
 68824 | Bazaar   | Found Arog's Distillery.
 68832 | Bazaar   | Bought a potion of heal wounds for 55 gold pieces
 68832 | Bazaar   | Bought a potion of curing for 33 gold pieces
 68832 | Bazaar   | Bought a potion of resistance for 110 gold pieces
 68832 | Bazaar   | Bought a potion of berserk rage for 55 gold pieces
 68832 | Bazaar   | Bought a potion of heal wounds for 55 gold pieces
 68832 | Bazaar   | Bought a potion of magic for 88 gold pieces
 68832 | Bazaar   | Bought 2 potions of mutation for 176 gold pieces
 68860 | Bazaar   | Bought the ring of Divine Compulsion {rF+ MR+ MP+9 Str+4
                  | SInv} for 916 gold pieces
 68879 | Depths:4 | Identified the ring "Wuprats" {Fire +Fly rN+ MR+}
 68949 | Depths:4 | Found a runed translucent door.
 69026 | Depths:4 | Got a scintillating brass amulet
 69027 | Depths:4 | Identified the amulet of Jiseergh {Faith rC+ Dex+7} (You
                  | found it on level 4 of the Depths)
 69069 | Depths:4 | Found a snail-covered altar of Cheibriados.
 69350 | Depths:4 | Killed a juggernaut
 69350 | Depths:4 | Reached skill level 18 in Fighting
 70044 | Depths:5 | Noticed a juggernaut
 70052 | Depths:5 | Killed a juggernaut
 70426 | Depths:5 | Noticed Saint Roka
 70434 | Depths:5 | Killed Saint Roka
 70518 | Depths:5 | Found a gate to the Realm of Zot.
 70644 | Zig:1    | Entered Level 1 of a ziggurat
 70663 | Zig:2    | Entered Level 2 of a ziggurat
 70682 | Zig:3    | Entered Level 3 of a ziggurat
 70807 | Zig:4    | Entered Level 4 of a ziggurat
 70954 | Zig:5    | Entered Level 5 of a ziggurat
 70982 | Zig:6    | Entered Level 6 of a ziggurat
 71006 | Zig:6    | Got a bound platinum ring
 71007 | Zig:6    | Identified Sif Muna's Handbook of Entrancing Translocation
 71011 | Zig:6    | Identified the ring "Petig" {Wiz rElec Str+2 Dex+2} (You
                  | found it on level 6 of a ziggurat)
 71016 | Zig:7    | Entered Level 7 of a ziggurat
 71076 | Zig:8    | Entered Level 8 of a ziggurat
 71081 | Zig:8    | Reached skill level 19 in Fighting
 71083 | Zig:8    | Noticed a juggernaut
 71085 | Zig:8    | Noticed a juggernaut
 71087 | Zig:8    | Killed a juggernaut
 71088 | Zig:8    | Killed a juggernaut
 71121 | Zig:9    | Entered Level 9 of a ziggurat
 71128 | Zig:9    | Noticed an ancient lich
 71131 | Zig:9    | Killed an ancient lich
 71148 | Zig:9    | Got a scintillating golden ring
 71149 | Zig:9    | Identified the ring of Syene {rPois Stlth+} (You found it
                  | on level 9 of a ziggurat)
 71157 | Zig:9    | Got a crude silver amulet
 71158 | Zig:9    | Identified the amulet of Kottor {Faith rPois rC+ SInv} (You
                  | found it on level 9 of a ziggurat)
 71173 | Zig:9    | Got a sparkling platinum ring
 71174 | Zig:9    | Identified the ring of Kiosukio {rPois rF- MP+9 Dex+5} (You
                  | found it on level 9 of a ziggurat)
 71178 | Zig:10   | Entered Level 10 of a ziggurat
 71334 | Zig:11   | Entered Level 11 of a ziggurat
 71345 | Zig:11   | Noticed a juggernaut
 71348 | Zig:11   | Killed a juggernaut
 71419 | Zig:12   | Entered Level 12 of a ziggurat
 71431 | Zig:12   | Reached skill level 20 in Fighting
 71483 | Zig:12   | Got a coiled pewter amulet
 71484 | Zig:12   | Identified the amulet of Jenumpar {Gourm Int+2} (You found
                  | it on level 12 of a ziggurat)
 71492 | Zig:13   | Entered Level 13 of a ziggurat
 71506 | Zig:13   | Noticed an ancient lich
 71506 | Zig:13   | Noticed an ancient lich
 71509 | Zig:13   | Killed an ancient lich
 71509 | Zig:13   | Killed an ancient lich
 71509 | Zig:13   | Killed an ancient lich
 71537 | Zig:13   | Got a pitted brass ring
 71540 | Zig:13   | Identified the ring of the Cuttlefish {rElec rPois rF+}
                  | (You found it on level 13 of a ziggurat)
 71542 | Zig:13   | Identified the Reference Book on Scorching Poison
 71568 | Zig:14   | Entered Level 14 of a ziggurat
 71587 | Zig:14   | Reached skill level 21 in Fighting
 71637 | Zig:14   | Got a shimmering granite ring
 71638 | Zig:14   | Identified the ring of Ipruw {rC- rN+ EV+2 Dex+4 SInv} (You
                  | found it on level 14 of a ziggurat)
 71718 | Zig:14   | Learned a level 9 spell: Tornado
 71722 | Zig:15   | Entered Level 15 of a ziggurat
 71738 | Zig:15   | Noticed Plog the pandemonium lord
 71739 | Zig:15   | Reached skill level 5 in Air Magic
 71741 | Zig:15   | Killed Plog the pandemonium lord
 71940 | Zig:15   | Got a faintly glowing tin ring
 71941 | Zig:15   | Identified the ring "Irghul" {rN+ MR+ MP+9} (You found it
                  | on level 15 of a ziggurat)
 71948 | Zig:15   | Identified Sif Muna's Catalogue of Warped Execration
 71982 | Zig:15   | Learned a level 8 spell: Death's Door
 71989 | Zig:16   | Entered Level 16 of a ziggurat
 72007 | Zig:16   | Found the +7 Singing Sword {vorpal, sonic wave}
 72007 | Zig:16   | Reached skill level 1 in Charms
 72155 | Zig:16   | Reached skill level 5 in Necromancy
 72185 | Zig:17   | Entered Level 17 of a ziggurat
 72195 | Zig:17   | Noticed Vocewoas the pandemonium lord
 72197 | Zig:17   | Noticed Turroll the pandemonium lord
 72197 | Zig:17   | Noticed Xozxuic the pandemonium lord
 72197 | Zig:17   | Noticed Aduy the pandemonium lord
 72197 | Zig:17   | Noticed Wuisetott the pandemonium lord
 72201 | Zig:17   | Reached skill level 5 in Charms
 72201 | Zig:17   | Killed Wuisetott the pandemonium lord
 72201 | Zig:17   | Killed Aduy the pandemonium lord
 72240 | Zig:17   | Killed Turroll the pandemonium lord
 72243 | Zig:17   | Killed Xozxuic the pandemonium lord
 72263 | Zig:17   | Killed Vocewoas the pandemonium lord
 72505 | Zig:17   | Got a faintly glowing platinum amulet
 72506 | Zig:17   | Identified the amulet "Kiwaut" {+Rage Str+4 Int+4} (You
                  | found it on level 17 of a ziggurat)
 72523 | Zig:18   | Entered Level 18 of a ziggurat
 72539 | Zig:18   | Noticed Xaetwept the pandemonium lord
 72540 | Zig:18   | Noticed Retsiff the pandemonium lord
 72546 | Zig:18   | Noticed Ruitukui the pandemonium lord
 72547 | Zig:18   | Killed Xaetwept the pandemonium lord
 72548 | Zig:18   | Killed Retsiff the pandemonium lord
 72548 | Zig:18   | Reached skill level 22 in Fighting
 72563 | Zig:18   | Killed Ruitukui the pandemonium lord
 72583 | Zig:18   | Noticed Cevixih the pandemonium lord
 72587 | Zig:18   | Killed Cevixih the pandemonium lord
 72607 | Zig:18   | Noticed Galues the pandemonium lord
 72611 | Zig:18   | Noticed Hizxat the pandemonium lord
 72616 | Zig:18   | Killed Hizxat the pandemonium lord
 72636 | Zig:18   | Killed Galues the pandemonium lord
 72790 | Zig:18   | Got a slimy silver ring
 72791 | Zig:18   | Identified the ring "Weutoneo" {rF+ AC+2 Dex+3} (You found
                  | it on level 18 of a ziggurat)
 72799 | Zig:18   | Identified Sif Muna's Reference Book on the Virous Escort
 72811 | Zig:19   | Entered Level 19 of a ziggurat
 72819 | Zig:19   | Paralysed by a floating eye for 2 turns
 72964 | Zig:19   | Identified The Arcane Secrets of Secret Knowledge
 72989 | Zig:19   | Got a smoking iron ring
 72990 | Zig:19   | Identified the ring of the Pariah {Str+9 Dex+2 Stlth+} (You
                  | found it on level 19 of a ziggurat)
 73003 | Zig:20   | Entered Level 20 of a ziggurat
 73038 | Zig:20   | Reached skill level 10 in Necromancy
 73116 | Zig:20   | Got a crude silver ring
 73117 | Zig:20   | Identified the ring "Pumit" {AC+5 Int+2} (You found it on
                  | level 20 of a ziggurat)
 73155 | Zig:21   | Entered Level 21 of a ziggurat
 73170 | Zig:21   | Noticed a greater mummy
 73171 | Zig:21   | Learned a level 8 spell: Necromutation
 73179 | Zig:21   | Killed a greater mummy
 73190 | Zig:21   | Noticed a greater mummy
 73191 | Zig:21   | Noticed a greater mummy
 73191 | Zig:21   | Noticed a greater mummy
 73191 | Zig:21   | Noticed a greater mummy
 73194 | Zig:22   | Entered Level 22 of a ziggurat
 73253 | Zig:22   | Reached skill level 10 in Air Magic
 73531 | Zig:22   | Got an ancient ruby amulet
 73532 | Zig:22   | Identified the amulet "Kopock" {Harm *Drain Fragile rF+
                  | Int+4 Dex+2} (You found it on level 22 of a ziggurat)
 73537 | Zig:22   | Identified Nuin's Handbook of Scorching Ice
 73545 | Zig:23   | Entered Level 23 of a ziggurat
 73552 | Zig:23   | Noticed an ancient lich
 73561 | Zig:23   | Killed an ancient lich
 73561 | Zig:23   | Reached skill level 23 in Fighting
 73598 | Zig:23   | Got a vibrating wooden ring
 73615 | Zig:23   | Got a brightly glowing morningstar
 73616 | Zig:23   | Identified the +2 morningstar of the Heavens {venom, rElec
                  | Str+2} (You found it on level 23 of a ziggurat)
 73631 | Zig:23   | Identified the Tome of Icy Poisoning
 73643 | Zig:24   | Entered Level 24 of a ziggurat
 73673 | Zig:24   | Found the ring of Robustness {AC+8}
 73673 | Zig:24   | Reached skill level 5 in Transmutations
 73907 | Zig:24   | Identified the Papyrus of Curses
 73911 | Zig:24   | Got a clouded pewter ring
 73917 | Zig:24   | Identified the ring "Asitrar" {Ice rN++ MR++ Dex+2} (You
                  | found it on level 23 of a ziggurat)
 73937 | Zig:24   | Got a twitching lead ring
 73954 | Zig:24   | Got a fine iron ring
 73959 | Zig:25   | Entered Level 25 of a ziggurat
 73982 | Zig:25   | Reached skill level 24 in Fighting
 74018 | Zig:25   | Got a glittering sapphire amulet
 74023 | Zig:25   | Identified the amulet "Xukegyuts" {Harm *Drain Dex+5} (You
                  | found it on level 25 of a ziggurat)
 74028 | Zig:25   | Identified the ring of the Good {+Fly rElec Stlth-} (You
                  | found it on level 24 of a ziggurat)
 74030 | Zig:25   | Identified the ring of Pelutron {rF+ rC+ MR++ Str-2 Dex+4}
                  | (You found it on level 24 of a ziggurat)
 74054 | Zig:25   | Got a fine steel ring
 74068 | Zig:25   | Identified the Papyrus of Displaced Good Luck
 74117 | Zig:26   | Entered Level 26 of a ziggurat
 74218 | Zig:26   | Identified the Papyrus of Dusty Boosts
 74222 | Zig:26   | Got a bound lapis lazuli ring
 74223 | Zig:26   | Identified the Compendium of Fiery Necromancy
 74241 | Zig:26   | Identified the ring "Zabrux" {*Corrode rPois rN+ MR+ Str+2}
                  | (You found it on level 25 of a ziggurat)
 74436 | Zig:27   | Entered Level 27 of a ziggurat
 74454 | Zig:27   | Noticed a juggernaut
 74455 | Zig:27   | Noticed a juggernaut
 74458 | Zig:27   | Killed a juggernaut
 74458 | Zig:27   | Killed a juggernaut
 74467 | Zig:27   | Noticed a juggernaut
 74467 | Zig:27   | Noticed a juggernaut
 74467 | Zig:27   | Noticed a juggernaut
 74468 | Zig:27   | Noticed a juggernaut
 74468 | Zig:27   | Noticed a juggernaut
 74469 | Zig:27   | Reached skill level 15 in Necromancy
 74471 | Zig:27   | Noticed a juggernaut
 74472 | Zig:27   | Killed a juggernaut
 74472 | Zig:27   | Noticed a juggernaut
 74473 | Zig:27   | Killed a juggernaut
 74473 | Zig:27   | Killed a juggernaut
 74474 | Zig:27   | Killed a juggernaut
 74474 | Zig:27   | Killed a juggernaut
 74474 | Zig:27   | Killed a juggernaut
 74474 | Zig:27   | Killed a juggernaut
 74474 | Zig:27   | Reached skill level 25 in Fighting
 74476 | Zig:27   | Noticed a juggernaut
 74477 | Zig:27   | Noticed a juggernaut
 74478 | Zig:27   | Killed a juggernaut
 74481 | Zig:27   | Killed a juggernaut
 74514 | Zig:27   | Identified Sif Muna's Tome of Fiery Cold
 74525 | Zig:27   | Identified the ring of Luwn {+Fly Str+5 Int-3 SInv} (You
                  | found it on level 26 of a ziggurat)
 74566 | Zig:27   | Identified the Grimoire of the Quantum Escort
 74718 | Zig:1    | Entered Level 1 of a ziggurat
 74751 | Zig:2    | Entered Level 2 of a ziggurat
 74773 | Zig:3    | Entered Level 3 of a ziggurat
 74801 | Zig:4    | Entered Level 4 of a ziggurat
 74804 | Zig:4    | Noticed Muffal's ghost (legendary FoFi)
 74823 | Zig:4    | Killed Muffal's ghost
 74904 | Zig:5    | Entered Level 5 of a ziggurat
 74907 | Zig:5    | Noticed an ancient lich
 74908 | Zig:5    | Noticed an ancient lich
 74909 | Zig:5    | Killed an ancient lich
 74909 | Zig:5    | Killed an ancient lich
 74909 | Zig:5    | Reached skill level 15 in Air Magic
 75031 | Zig:6    | Entered Level 6 of a ziggurat
 75074 | Zig:7    | Entered Level 7 of a ziggurat
 75106 | Zig:7    | Got a slimy brass ring
 75125 | Zig:8    | Entered Level 8 of a ziggurat
 75259 | Zig:9    | Entered Level 9 of a ziggurat
 75304 | Zig:9    | Got a pitted steel amulet
 75316 | Zig:9    | Identified the amulet "Elaviu" {Reflect rPois MR+ Int+2
                  | SH+5} (You found it on level 9 of a ziggurat)
 75325 | Zig:10   | Entered Level 10 of a ziggurat
 75525 | Zig:10   | Noticed Niemekk the pandemonium lord
 75525 | Zig:10   | Noticed Xearphaty the pandemonium lord
 75528 | Zig:10   | Reached skill level 26 in Fighting
 75530 | Zig:10   | Killed Niemekk the pandemonium lord
 75535 | Zig:10   | Killed Xearphaty the pandemonium lord
 75537 | Zig:10   | Found the +10 Black Knight's horse barding {ponderous,
                  | rPois rN+}
 75538 | Zig:10   | Identified a scroll of acquirement
 75596 | Zig:10   | Identified the +0 cloak "Gaikuqimp" {rN+ Str+7} (You
                  | acquired it on level 10 of a ziggurat)
 75603 | Zig:11   | Entered Level 11 of a ziggurat
 75731 | Zig:11   | Found the +5 robe of Night {Dark MR+ SInv}
 75773 | Zig:12   | Entered Level 12 of a ziggurat
 75784 | Zig:12   | Reached skill level 27 in Fighting
 75812 | Zig:13   | Entered Level 13 of a ziggurat
 75975 | Zig:13   | Identified the Papyrus of Destructive Self-Knowledge
 75988 | Zig:14   | Entered Level 14 of a ziggurat
 76057 | Zig:14   | Identified Sif Muna's Papyrus of Aid and the Snowflakes
 76071 | Zig:14   | Identified the ring "Noegri" {rN+ Dex+4} (You found it on
                  | level 7 of a ziggurat)
 76082 | Zig:15   | Entered Level 15 of a ziggurat
 76096 | Zig:15   | Noticed an ancient lich
 76098 | Zig:15   | Noticed an ancient lich
 76100 | Zig:15   | Found the +6 arbalest "Damnation" {damnation}
 76102 | Zig:15   | Killed an ancient lich
 76103 | Zig:15   | Killed an ancient lich
 76136 | Zig:15   | Identified Kutusibuff's Arcane Secrets of Thaumaturgy
 76157 | Zig:15   | Identified the Papyrus of Doomed Augmentations
 76164 | Zig:16   | Entered Level 16 of a ziggurat
 76176 | Zig:16   | Paralysed by a floating eye for 3 turns
 76380 | Zig:16   | Identified the +0 helmet of Moral Flaws {rC++ Regen+ Int+5}
                  | (You found it on level 16 of a ziggurat)
 76397 | Zig:16   | Identified the Disquisition on Lucky Contamination
 76409 | Zig:16   | Learned a level 9 spell: Absolute Zero
 76413 | Zig:16   | Reached skill level 5 in Ice Magic
 76416 | Zig:16   | Identified the cursed +0 pair of boots of the Dice {rPois
                  | Int+3} (You found it on level 16 of a ziggurat)
 76421 | Zig:16   | Identified the Handbook of Cold and Curses
 76435 | Zig:17   | Entered Level 17 of a ziggurat
 76463 | Zig:17   | Found the +8 orange crystal plate armour {Archmagi, Int+3
                  | Clar}
 76634 | Zig:17   | Identified Dam Sigh's Guide on Dark Rites and the Mountains
 76639 | Zig:17   | Identified the Guide on Dark Venom
 76642 | Zig:17   | Identified the Guide on Evil Arts and Aid
 76646 | Zig:18   | Entered Level 18 of a ziggurat
 76660 | Zig:18   | Noticed Saonuxt's ghost (legendary DsFi)
 76660 | Zig:18   | Noticed Ygonacw's ghost (legendary GrEE)
 76660 | Zig:18   | Noticed Xekher's ghost (legendary GnEn)
 76661 | Zig:18   | Noticed Icuofef's ghost (veteran SpEn)
 76661 | Zig:18   | Noticed Erhaimih's ghost (legendary DDNe)
 76661 | Zig:18   | Noticed Gyofeun's ghost (legendary FoFi)
 76661 | Zig:18   | Noticed Xootouk's ghost (master SpEn)
 76661 | Zig:18   | Noticed Xootouk's ghost (master SpEn)
 76661 | Zig:18   | Noticed Ygonacw's ghost (legendary GrEE)
 76661 | Zig:18   | Noticed Rucih's ghost (legendary DsFi)
 76661 | Zig:18   | Noticed Gyofeun's ghost (legendary FoFi)
 76664 | Zig:18   | Noticed Cearuunk's ghost (legendary DsFi)
 76664 | Zig:18   | Noticed Qumaaz's ghost (legendary HuIE)
 76667 | Zig:19   | Entered Level 19 of a ziggurat
 76697 | Zig:19   | Noticed an ancient lich
 76700 | Zig:19   | Noticed an ancient lich
 76702 | Zig:19   | Noticed an ancient lich
 76703 | Zig:19   | HP: 10/218 [titan/the air (13)]
 76703 | Zig:19   | Killed from afar by a tengu reaver

Levels and vault maps discovered:
D:1:      dpeg_arrival_rooms_with_view, layout_rooms, minmay_domino_2
D:2:      minmay_razor_zed, layout_basic
D:3:      layout_rooms, kiku_gazebo_garden_becter, first_ration
D:4:      layout_loops_ring, grunt_temple_overflow_holy_war,
          serial_bayou_pond_b, minmay_crystal_water
D:5:      kennysheep_windowed_halls, layout_rooms, minmay_temple_entry_glass
D:6:      layout_loops_ring, elyvilon_altar_3, gup_sewer_entry_bubbles,
          uniq_pikel, uniq_maggie
D:7:      layout_basic, hangedman_ru_absence, ebering_ghost_rock_garden
D:8:      layout_layer_cave, bloody_trog, serial_shops, kennysheep_mini_moat,
          grunt_ogre_cave, kennysheep_generic_room_12
D:9:      layout_basic
D:10:     layout_rooms, due_lair_maze_entry_diamond, gammafunk_ghost_spectres,
          uniq_maurice
D:11:     minmay_evil_eye, layout_loops_corners, orc_0_dummy,
          serial_bayou_pond_d, minmay_misc_feat_ornament
D:12:     layout_small_grid, uniq_snorg, uniq_josephine
D:13:     lemuel_vampire_tower, layout_cave_pods
D:14:     layout_rooms, erik_vaults_1, serial_shops,
          nicolae_shop_overgrown_old_shop, uniq_rupert, uniq_azrael
D:15:     gammafunk_depths_entry_grave, layout_rooms, serial_shops, shop,
          nrook_mini_backslash, serial_bayou, serial_bayou_shore_b,
          serial_bayou_pond_e, serial_bayou_pond_e, serial_bayou_pond_a,
          serial_bayou_pond_d
Temple:   eino_temple_rhombus
Lair:1:   layout_chaotic_city, serial_bayou_lagoon_b
Lair:2:   layout_cave_pods, grunt_megastairs_4, lemuel_fruit_tree
Lair:3:   layout_cave_pods, minmay_swamp_entry_swarm, grunt_megastairs_2
Lair:4:   cheibrodos_lair_river_kwai, layout_layer_cave,
          nicolae_spider_entry_orb_guardian, st_stairs_13,
          minmay_lair_drake_nest
Lair:5:   layout_long_grid, dpeg_slime_entry_corner, lemuel_fruit_fields
Lair:6:   grunt_lair_end_beastmaster, layout_gridlike, special_room
          [special_room_mythical_zoo], minivault_24,
          hangedman_lair_generics_rect
Swamp:1:  layout_falls_marsh, nicolae_swamp_dense_foliage,
          infiniplex_staircase_pool, uniq_louise
Swamp:2:  layout_basic_swamp, evilmike_swamp_ruin_rubble_1
Swamp:3:  gammafunk_the_bubble [the_bubble_gammafunk_grid], layout_basic_swamp,
          nicolae_swamp_very_dense_foliage, uniq_mara
Swamp:4:  swamp_basic_johnstein, layout_basic_swamp, swamp_pool5,
          water_boxes_lemuel
Spider:1: layout_spider_delve, uniq_nikola
Spider:2: layout_spider_delve
Spider:3: nicolae_spider_mines_1, drop_trap
Spider:4: johnstein_spider_rune_arachne_lair, drop_trap
Slime:1:  layout_caves, nicolae_slime_barrier, nicolae_slime_phagocytosis
Slime:2:  layout_caves, cheibrodos_slime_lost_civilization_7
Slime:3:  layout_caves
Slime:4:  layout_caves, cheibrodos_slime_lost_civilization_5
Slime:5
Orc:1:    layout_caves, serial_shops, shop_fountains, roderic_batcave, uniq_urug
Orc:2:    kennysheep_orc_mage_school, layout_diamond_mine, uniq_erolcha,
          uniq_sonja
Elf:1:    layout_rooms, serial_shops, nicolae_shop_stone,
          minmay_elf_annihilation, minmay_shoptagon
Elf:2:    layout_geoelf_diagonals, portal_ice_cave_entry_ice_statue_two,
          minivault_16
Elf:3:    minmay_elf_hall_curves, layout_onion_city, uniq_donald
Vaults:1: nicolae_vaults_ring_of_whatevers, vaults_standard_mumra_x,
          nicolae_vaults_mini_display_case, layout_vaults_omnigrid,
          mu_enter_wizlab_5, serial_shops, shop
Vaults:2: hangedman_vaults_maws, ontoclasm_vaults_loading_screen,
          nicolae_vaults_bisected_inception, hangedman_vaults_stitches,
          vaults_mumra_chevron_long, v_pattern_4, vaults_room_hallway,
          vaults_standard_mumra_enter_the_diamond, v_misc_5, vaults_mumra_hex,
          layout_vaults_omnicross, serial_shops, shop, uniq_margery
Vaults:3: ontoclasm_vaults_idyll, nicolae_vaults_puzzle_piece, v_pattern_5,
          minmay_crypt_entry_necro_gods, grunt_vaults_hallway_short, v_misc_11,
          hangedman_vaults_corner_blocks, ontoclasm_vaults_twist,
          vaults_standard_mumra_lines, nicolae_vaults_yaktaur_gun_rack,
          vaults_room_large_hall, vaults_room_stairs_pillars, st_lattice,
          layout_vaults_big_room
Vaults:4: v_rooms_1, nicolae_vaults_big_ls, nicolae_vaults_stairing_the_circle,
          v_misc_32, vaults_room_grid, vaults_standard_mumra_enter_the_diamond,
          v_misc_2, v_misc_16, nicolae_vaults_little_squares_1,
          nicolae_vaults_quadrants, nicolae_vaults_little_squares_3,
          hangedman_vaults_corner_blocks, layout_vaults_omnibox
Vaults:5
Crypt:1:  layout_gridlike, grunt_megastairs_1, uniq_xtahua, uniq_frederick
Crypt:2:  minmay_guarded_unrand_majin_bo, layout_catacombs, grunt_ministairs_10,
          minivault_5
Crypt:3:  church_of_pain_bobbens, layout_chaotic_city,
          tomb_entry_forgotten_bobbens
Depths:1: layout_honeycomb, serial_shops, nicolae_shop_trees,
          serial_co_window_serial, co_window_corner_a, co_window_paths_a,
          co_window_paths_a, co_window_of_opportunity_a, co_window_corner_a,
          co_window_of_opportunity_a, co_window_paths_a, co_window_paths_a,
          co_window_paths_b, co_window_2corner, co_window_2corner,
          grunt_hell_entry_dis_grunt, solitary_fountain, chequers_big_river,
          minmay_misc_feat_rows, chequers_serial_rivers_marsh,
          hangedman_summoners_spam
Depths:2: kennysheep_large_vault, layout_cave_shapes, serial_shops,
          nicolae_shop_stone, hellmouth_1, pan_entry,
          minmay_misc_feat_secret_circle, infiniplex_staircase_river
Depths:3: kennysheep_ambush_hall, layout_gridlike, minmay_misc_feat_encased,
          grunt_pan_entry_zigzag, hell_entry, minmay_misc_feat_chi, uniq_boris
Depths:4: minmay_the_grid_triangle_9x9_rhombus_thin
          [minmay_the_grid_triangle_9x9_corrupted_corridor,
          minmay_the_grid_triangle_9x9_prize_special,
          minmay_the_grid_triangle_9x9_subtriangle,
          minmay_the_grid_triangle_9x9_thin_v], layout_gridlike,
          enter_ziggurat_a, old_standard_altar, abyss_entry,
          hangedman_coc_ice_floe, serial_shops, bzr_entry_customers,
          corexii_corridor_pit, minmay_staircase_bubble
Depths:5: evilmike_zot_entry_hall, layout_gridlike, minmay_misc_feat_nine_boxes,
          hell_entry, uniq_saint_roka
Zig:19:   ziggurat_pillar_centre_c, ziggurat_pillar_centre_c,
          ziggurat_pillar_centre_c, ziggurat_pillar_centre_c

Skill      XL: |  1  2  3  4  5  6  7  8  9 10 11 12 13 14 15 16 17 18 19 20 21 22 23 24 25 26 27 |
---------------+----------------------------------------------------------------------------------+-----
Earth Magic    | 4 5 6 7 8 9 10 11 12 13 14 15 16 17 18 19 20 22 | 22.0
Spellcasting   | 3 4 5 6 7 8 9 10 11 12 13 14 15 25 | 25.7
Conjurations   | 2 3 4 6 7 8 9 10 11 12 13 14 15 16 17 20 | 20.0
Armour         | 2 4 5 6 |  6.0
Maces & Flails | 2 3 5 6 7 8 9 10 11 12 13 14 15 | 15.0
Fighting       | 2 4 5 6 7 8 9 10 11 12 13 14 15 16 27 | 27.0
Evocations     | 2 3 4 5 6 |  6.0
Dodging        | 2 3 4 5 6 7 8 9 10 11 12 13 14 15 | 15.0
Long Blades    | 2 3 4 5 6 7 |  7.2
Fire Magic     | 4 6 8 10 11 15 16 17 18 19 20 21 22 | 22.0
Shields        | 5 |  5.5
Air Magic      | 19 | 19.0
Necromancy     | 15 | 15.0
Charms         | 8 |  8.0
Transmutations | 5 |  5.0
Ice Magic      | 8 |  8.6
Stealth        | |  2.1

Action                   |  1- 3 |  4- 6 |  7- 9 | 10-12 | 13-15 | 16-18 | 19-21 | 22-24 | 25-27 || total
-------------------------+-------+-------+-------+-------+-------+-------+-------+-------+-------++-------
Melee: Unarmed           |    19 |       |       |       |       |       |       |       |       ||    19
       Club              |    37 |       |       |       |       |       |       |       |       ||    37
       Short sword       |    37 |       |       |       |       |       |       |       |       ||    37
       Flail             |       |   223 |   172 |       |       |       |       |       |       ||   395
       Headbutt          |       |    11 |    29 |    48 |    15 |       |       |       |       ||   103
       Triple sword      |       |       |    24 |   343 |   612 |   286 |       |       |       ||  1265
       Demon whip        |       |       |       |       |       |   531 |   743 |  1221 |  1046 ||  3541
Throw: Throwing net      |       |       |       |       |       |     1 |       |       |       ||     1
 Cast: Sandblast         |    28 |    31 |    97 |    28 |    46 |    14 |     3 |       |       ||   247
       Stone Arrow       |       |       |    14 |    33 |   115 |     7 |       |       |       ||   169
       Lee's Rapid Decon |       |       |    10 |    32 |    67 |    34 |    77 |    34 |    29 ||   283
       Bolt of Magma     |       |       |       |    18 |    46 |     5 |       |       |       ||    69
       Iron Shot         |       |       |       |       |       |   175 |    82 |   133 |   150 ||   540
       Fireball          |       |       |       |       |       |    16 |     7 |     7 |     4 ||    34
       Starburst         |       |       |       |       |       |     6 |     1 |     1 |       ||     8
       Ignition          |       |       |       |       |       |    28 |    52 |    82 |    79 ||   241
       Shatter           |       |       |       |       |       |       |       |    17 |   213 ||   230
       Fire Storm        |       |       |       |       |       |       |       |       |   130 ||   130
       Tornado           |       |       |       |       |       |       |       |       |     8 ||     8
       Necromutation     |       |       |       |       |       |       |       |       |     2 ||     2
 Abil: Fly               |       |       |       |       |     1 |       |       |       |     2 ||     3
       Stop Flying       |       |       |       |       |       |       |       |       |     2 ||     2
       End Transformatio |       |       |       |       |       |       |       |       |     2 ||     2
Evoke: Wand              |       |       |     4 |    19 |    23 |     5 |     2 |       |       ||    53
       Phantom mirror    |       |       |       |       |       |     1 |       |       |       ||     1
       Phial of floods   |       |       |       |       |       |       |       |       |     1 ||     1
       Figurine of a zig |       |       |       |       |       |       |       |       |     1 ||     1
  Use: Scroll            |     3 |     5 |     5 |    10 |    21 |    14 |    15 |    11 |    75 ||   159
       Potion            |       |     3 |     2 |     3 |     1 |     5 |     4 |     5 |    39 ||    62
 Stab: Sleeping          |     1 |     2 |     2 |       |       |       |     1 |     2 |       ||     8
       Petrified         |       |       |       |       |       |       |     5 |       |       ||     5
       Paralysed         |       |       |       |       |       |       |     3 |       |       ||     3
       Invisible         |       |       |       |       |       |       |     1 |       |     1 ||     2
       Distracted        |       |       |       |       |       |       |       |       |     3 ||     3
  Eat: Chunk             |     1 |     8 |    17 |    18 |    51 |    23 |    40 |    45 |    47 ||   250
       Ration            |       |       |       |     5 |     3 |    25 |    11 |    17 |    11 ||    72
Armor: Robe              |    54 |   150 |   110 |   130 |       |       |   122 |   551 |   556 ||  1673
       Animal skin       |       |       |       |   141 |   475 |   638 |   158 |       |       ||  1412
Dodge: Dodged            |    92 |   175 |   217 |   450 |   706 |   800 |   382 |   669 |   864 ||  4355
       Repelled          |       |       |       |     3 |       |       |       |       |       ||     3
       Rpst.: Triple sword |       |       |    11 |   122 |   186 |    87 |       |       |       ||   406

Table legend:
 A = Non-vault XP
 B = Vault XP
 C = Vault XP percentage of total XP
 D = Non-vault monster count
 E = Vault monster count
 F = Vault count percentage of total count
                 A         B        C        D         E       F
            +---------+---------+-------+---------+---------+-------
      Total | 2259615 |  722316 |  24.2 |    2974 |     911 |  23.4
            +---------+---------+-------+---------+---------+-------
        D:1 |      63 |       5 |   7.4 |      32 |       4 |  11.1
        D:2 |     106 |      23 |  17.8 |      26 |       8 |  23.5
        D:3 |      55 |       0 |   0.0 |      17 |       0 |   0.0
        D:4 |     628 |     178 |  22.1 |      41 |       3 |   6.8
        D:5 |     820 |     413 |  33.5 |      17 |      12 |  41.4
        D:6 |     870 |     872 |  50.1 |      17 |      10 |  37.0
        D:7 |    1195 |     725 |  37.8 |      37 |       1 |   2.6
        D:8 |    1944 |     246 |  11.2 |      37 |       2 |   5.1
        D:9 |    2619 |       0 |   0.0 |      26 |       0 |   0.0
       D:10 |    2463 |    3468 |  58.5 |      23 |      16 |  41.0
       D:11 |    5580 |     917 |  14.1 |      43 |       3 |   6.5
       D:12 |    8903 |    2761 |  23.7 |      46 |       5 |   9.8
       D:13 |    2496 |    7945 |  76.1 |       8 |      48 |  85.7
       D:14 |    4715 |    6819 |  59.1 |      17 |       9 |  34.6
       D:15 |   13979 |    4272 |  23.4 |      37 |       8 |  17.8
     Lair:1 |    5541 |       0 |   0.0 |      27 |       0 |   0.0
     Lair:2 |    1650 |    1055 |  39.0 |       8 |       4 |  33.3
     Lair:3 |    7652 |     831 |   9.8 |      30 |       5 |  14.3
     Lair:4 |    3262 |    5229 |  61.6 |      12 |      12 |  50.0
     Lair:5 |    9055 |     894 |   9.0 |      35 |       1 |   2.8
     Lair:6 |    6616 |   20911 |  76.0 |      20 |      51 |  71.8
    Swamp:1 |   10879 |     478 |   4.2 |      27 |       1 |   3.6
    Swamp:2 |   11299 |       0 |   0.0 |      21 |       0 |   0.0
    Swamp:3 |   14131 |   12291 |  46.5 |      32 |      15 |  31.9
    Swamp:4 |   10935 |   21946 |  66.7 |      30 |      36 |  54.5
   Spider:1 |   14248 |    3851 |  21.3 |      42 |       1 |   2.3
   Spider:2 |   11741 |       0 |   0.0 |      29 |       0 |   0.0
   Spider:3 |   11233 |    2743 |  19.6 |      30 |       7 |  18.9
   Spider:4 |   11975 |   31083 |  72.2 |      34 |      46 |  57.5
    Slime:1 |   10929 |    1024 |   8.6 |      18 |       4 |  18.2
    Slime:2 |   10140 |       0 |   0.0 |      26 |       0 |   0.0
    Slime:3 |   13331 |       0 |   0.0 |      16 |       0 |   0.0
    Slime:4 |    2016 |       0 |   0.0 |       7 |       0 |   0.0
    Slime:5 |   12500 |   29636 |  70.3 |      23 |      11 |  32.4
      Orc:1 |    2430 |     968 |  28.5 |      40 |       9 |  18.4
      Orc:2 |    1160 |    8375 |  87.8 |      31 |      35 |  53.0
      Elf:1 |   15926 |    5955 |  27.2 |      30 |       9 |  23.1
      Elf:2 |   13729 |    5219 |  27.5 |      21 |       7 |  25.0
      Elf:3 |   17707 |   50095 |  73.9 |      31 |      34 |  52.3
   Vaults:1 |   30718 |    4599 |  13.0 |      56 |      12 |  17.6
   Vaults:2 |   26472 |   17955 |  40.4 |      44 |      29 |  39.7
   Vaults:3 |   27051 |   19281 |  41.6 |      44 |      23 |  34.3
   Vaults:4 |   28250 |   30488 |  51.9 |      66 |      46 |  41.1
   Vaults:5 |   31829 |  156119 |  83.1 |      49 |      98 |  66.7
    Crypt:1 |   14827 |   18027 |  54.9 |      27 |      14 |  34.1
    Crypt:2 |   28376 |   20608 |  42.1 |      47 |      12 |  20.3
    Crypt:3 |   33747 |   46946 |  58.2 |      40 |      73 |  64.6
   Depths:1 |   27241 |    6584 |  19.5 |      32 |      12 |  27.3
   Depths:2 |   18364 |   56249 |  75.4 |      28 |      49 |  63.6
   Depths:3 |   46923 |   20933 |  30.8 |      59 |      21 |  26.2
   Depths:4 |   35316 |   32783 |  48.1 |      32 |      22 |  40.7
   Depths:5 |   74474 |   25789 |  25.7 |      48 |      25 |  34.2
    Abyss:2 |   21303 |     457 |   2.1 |      38 |       1 |   2.6
      Zig:1 |    3306 |       0 |   0.0 |       4 |       0 |   0.0
      Zig:2 |    5030 |       0 |   0.0 |      11 |       0 |   0.0
      Zig:3 |    8214 |       0 |   0.0 |      14 |       0 |   0.0
      Zig:4 |   22644 |       0 |   0.0 |      19 |       0 |   0.0
      Zig:5 |   26870 |       0 |   0.0 |      17 |       0 |   0.0
      Zig:6 |   19461 |       0 |   0.0 |      25 |       0 |   0.0
      Zig:7 |   21967 |       0 |   0.0 |      43 |       0 |   0.0
      Zig:8 |   33081 |    2459 |   6.9 |      26 |       4 |  13.3
      Zig:9 |   40301 |       0 |   0.0 |      36 |       0 |   0.0
     Zig:10 |   64112 |       0 |   0.0 |      36 |       0 |   0.0
     Zig:11 |   44543 |       0 |   0.0 |      56 |       0 |   0.0
     Zig:12 |   47116 |       0 |   0.0 |      65 |       0 |   0.0
     Zig:13 |   89669 |       0 |   0.0 |      45 |       0 |   0.0
     Zig:14 |   65863 |       0 |   0.0 |      76 |       0 |   0.0
     Zig:15 |  115961 |       0 |   0.0 |      60 |       0 |   0.0
     Zig:16 |   97570 |    4049 |   4.0 |      82 |       4 |   4.7
     Zig:17 |  136090 |       0 |   0.0 |      68 |       0 |   0.0
     Zig:18 |   84044 |    2021 |   2.3 |      41 |       4 |   8.9
     Zig:19 |   57834 |     855 |   1.5 |      67 |       5 |   6.9
     Zig:20 |   56708 |       0 |   0.0 |      62 |       0 |   0.0
     Zig:21 |    9366 |       0 |   0.0 |       7 |       0 |   0.0
     Zig:22 |   49284 |       0 |   0.0 |      67 |       0 |   0.0
     Zig:23 |   62216 |   13898 |  18.3 |      61 |       4 |   6.2
     Zig:24 |   97988 |       0 |   0.0 |      55 |       0 |   0.0
     Zig:25 |   85640 |       0 |   0.0 |      79 |       0 |   0.0
     Zig:26 |   60287 |       0 |   0.0 |     124 |       0 |   0.0
     Zig:27 |  133038 |       0 |   0.0 |      74 |       0 |   0.0
      Sewer |       0 |     123 | 100.0 |       0 |      10 | 100.0
      IceCv |       0 |    9660 | 100.0 |       0 |      25 | 100.0
     WizLab |       0 |    1205 | 100.0 |       0 |       1 | 100.0
            +---------+---------+-------+---------+---------+-------
